 Dungeon Crawl Stone Soup version 0.21-a0-221-gfe971b9 (webtiles) character file.

774230 namelastname112 the Demonologist (level 27, 0/242 HPs)
             Began as a Pale Draconian Summoner on Aug 24, 2017.
             Was the Champion of Ashenzari.
             Slain by a balrug
             ... wielding a +1 demon whip of flaming
              (3 damage)
             ... in Pandemonium on Aug 25, 2017.
             The game lasted 05:28:59 (102883 turns).

namelastname112 the Demonologist (DrSu)           Turns: 102883, Time: 05:29:00

Health: 0/242      AC: 18    Str: 12      XL:     27
Magic:  20/45      EV: 31    Int: 29 (31) God:    Ashenzari [******]
Gold:   7825       SH: 16    Dex: 14      Spells: 8/63 levels left

rFire    + + +     SeeInvis +   R - staff of energy (curse)
rCold    + + +     Gourm    .   o - +2 shield of Resistance {rF+ rC+ MR+} (curse)
rNeg     + . .     Faith    .   (armour unavailable)
rPois    +         Spirit   .   P - -2 hat of the Alchemist {rElec rPois rF+ rC+ rN+ MR+ rMut rCorr} (curse)
rElec    +         Reflect  .   m - +3 cloak "Fawisysa" {rPois} (curse)
rCorr    +         Harm     .   n - +0 pair of gloves of Crawling {Int+4 Slay+3} (curse)
rMut     +         Clarity  +   t - +1 pair of boots "Runale" {Int+2} (curse)
MR       +++++                  g - amulet of magic regeneration (curse)
Stlth    ++++++....             O - ring "Eptumiy" {rF+ EV+5 SInv} (curse)
HPRegen  0.50/turn              S - ring "Debi" {rCorr rC+ MR+} (curse)
MPRegen  0.54/turn

@: aura of abjuration, flying, drained, deflect missiles
A: breathe steam, unfitting armour, antennae 1, big wings, clarity, mutation
resistance 1, cold-blooded, AC +13
}: 8/15 runes: serpentine, barnacled, slimy, silver, demonic, glowing, magical,
dark
a: Breathe Steam, Stop Flying, Curse Item, Scrying, Transfer Knowledge, Renounce
Religion


You were in Pandemonium.
You worshipped Ashenzari.
Ashenzari was exalted by your worship.
You were not hungry.

You visited 12 branches of the dungeon, and saw 58 of its levels.
You visited Pandemonium 1 time, and saw 35 of its levels.
You visited the Abyss 4 times.
You visited 1 bazaar.
You visited 1 ziggurat, and saw 9 of its levels.
You also visited: Labyrinth, Trove, Sewer and Ice Cave.

You collected 9850 gold pieces.
You spent 2025 gold pieces at shops.

Inventory:

Missiles
 l - 13 throwing nets (quivered)
Armour
 m - the cursed +3 cloak "Fawisysa" (worn) {rPois}
   (You bought it in a shop on level 2 of the Elven Halls)

   It protects you from poison.
   It has a curse placed upon it.
 n - the cursed +0 pair of gloves of Crawling (worn) {Int+4 Slay+3}
   (You found it in a treasure trove)

   It affects your intelligence (+4).
   It affects your accuracy and damage with ranged weapons and melee attacks
   (+3).
   It has a curse placed upon it.
 o - the cursed +2 shield of Resistance (worn) {rF+ rC+ MR+}
   (You found it in a treasure trove)

   It protects you from fire.
   It protects you from cold.
   It affects your resistance to hostile enchantments.
   It has a curse placed upon it.
 t - the cursed +1 pair of boots "Runale" (worn) {Int+2}
   (You found it in Pandemonium)

   It affects your intelligence (+2).
   It has a curse placed upon it.
 N - the +0 pair of boots "Diedwin" {+Inv Str-3 Dex+5}
   (You found it on level 2 of the Shoals)

   It affects your strength (-3).
   It affects your dexterity (+5).
   It lets you turn invisible.
 P - the cursed -2 hat of the Alchemist (worn) {rElec rPois rF+ rC+ rN+ MR+ rMut rCorr}
   (You found it in a treasure trove)

   It protects you from fire.
   It protects you from cold.
   It insulates you from electricity.
   It protects you from poison.
   It protects you from negative energy.
   It affects your resistance to hostile enchantments.
   It protects you from acid and corrosion.
   It protects you from mutation.
   It has a curse placed upon it.
Magical Staves
 R - a cursed staff of energy (weapon)
Jewellery
 g - a cursed amulet of magic regeneration (around neck)
 O - the cursed ring "Eptumiy" (left hand) {rF+ EV+5 SInv}
   (You found it on level 11 of the Dungeon)

   [ring of evasion]

   It affects your evasion (+5).
   It protects you from fire.
   It lets you see invisible.
   It has a curse placed upon it.
 S - the cursed ring "Debi" (right hand) {rCorr rC+ MR+}
   (You took it off a spriggan berserker on level 2 of the Depths)

   [ring of resist corrosion]

   It protects you from cold.
   It affects your resistance to hostile enchantments.
   It has a curse placed upon it.
Wands
 y - a wand of paralysis (11/24)
 C - a wand of digging (5/24)
 F - a wand of clouds (2/9)
 T - a wand of acid (5/15)
 U - a wand of lightning (4/15)
 X - a wand of acid (9/15)
Scrolls
 a - 10 scrolls of recharging
 d - 10 scrolls of amnesia
 f - a scroll of brand weapon
 h - a scroll of enchant weapon
 p - 23 scrolls of remove curse
 q - 6 scrolls of magic mapping
 r - 4 scrolls of silence
 s - 9 scrolls of fog
 x - 5 scrolls of fear
 D - 3 scrolls of holy word
 L - 52 scrolls of identify
 M - 11 scrolls of enchant armour
 Q - 3 scrolls of summoning
 W - 2 scrolls of teleportation
Potions
 e - 7 potions of agility
 i - 3 potions of magic
 k - 9 potions of curing
 u - 3 potions of haste
 v - 9 potions of might
 z - 9 potions of flight
 A - a potion of cancellation
 B - 5 potions of invisibility
 E - 6 potions of brilliance
 G - 19 potions of mutation
 H - 3 potions of resistance
 V - 3 potions of ambrosia
Books
 Y - a book of the Dragon

   Spells                             Type                      Level
   a - Flame Tongue                   Conjuration/Fire             1
   b - Cause Fear                     Hexes                        4
   c - Bolt of Fire                   Conjuration/Fire             6
   d - Dragon Form                    Transmutation                7
   e - Dragon's Call                  Summoning                    9
Miscellaneous
 j - a crystal ball of energy
 I - a phial of floods
Comestibles
 b - 16 bread rations
 c - a royal jelly
 w - 4 meat rations
 J - a fruit


   Skills:
 + Level 18.9(18.6) Fighting
 + Level 16.5(20.0) Dodging
 - Level 12.9(16.7) Stealth
 + Level 14.8(17.0) Shields
 + Level 18.5(18.2) Spellcasting
 - Level 4.0(7.9) Charms
 + Level 21.2(24.3) Summonings
 - Level 16.8(20.3) Necromancy
 - Level 15.0(18.7) Transmutations
 - Level 5.1(9.3) Air Magic
 + Level 11.0(16.2) Evocations


You had 8 spell levels left.
You knew the following spells:

 Your Spells              Type           Power        Failure   Level  Hunger
a - Malign Gateway        Summ/Tloc      #######...   9%          7    None
b - Necromutation         Tmut/Necr      #######...   3%          8    None
d - Dragon's Call         Summ           ########..   9%          9    None
e - Blink                 Tloc           N/A          1%          2    None
f - Summon Horrible Thin  Summ           ########..   1%          8    None
h - Regeneration          Chrm/Necr      #######...   0%          3    None
i - Deflect Missiles      Chrm/Air       ######....   7%          6    None
j - Aura of Abjuration    Summ           ########..   0%          5    None
x - Haunt                 Necr/Summ      ########..   1%          7    None


Dungeon Overview and Level Annotations

Branches:
Dungeon (15/15)            Temple (1/1) D:5            Lair (6/6) D:9
 Shoals (4/4) Lair:4        Snake (4/4) Lair:2        Slime (5/5) Lair:5
    Orc (2/2) D:11            Elf (3/3) Orc:2        Vaults (5/5) D:14
  Crypt (3/3) Vaults:2       Tomb (0/3) Crypt:3      Depths (5/5) D:15
    Zot (5/5) Depths:5

Altars:
Ashenzari
Cheibriados
Dithmenos
Elyvilon
Fedhas
Gozag
Kikubaaqudgha
Makhleb
Okawaru
Qazlal
Ru
Vehumet
Wu Jian
The Shining One
Beogh
Jiyva

Shops:
D:15 =*   Orc:2 ([:*   Elf:2 [   Shoals:3 [   Snake:4 (   Vaults:2 !}
Depths:3 [   Depths:4 %

Portals:
Hell: Lair:6 Depths:1 Depths:2 Depths:3 Depths:4 Depths:5
Abyss: Depths:2 Depths:4 Depths:5
Pandemonium: Depths:3 Depths:4

Annotations:
D:4 Menkaure
D:12 Rupert
Lair:4 Kirke
Shoals:3 exclusion: Roxanne, Roxanne
Elf:2 5 runed doors


Innate Abilities, Weirdness & Mutations

You can breathe blasts of scalding, opaque steam.
Your pale cyan-grey scales are hard. (AC +13)
You cannot fit into any form of body armour.
You are cold-blooded and may be slowed by cold attacks.
You have a pair of small antennae on your head.
Your large and strong wings let you fly indefinitely.
You possess an exceptional clarity of mind.
You are somewhat resistant to further mutation.


Message History

Confirm with . or Enter, or press ? or * to list all spells.
Your mind briefly shatters, though you barely manage to hold yourself together.
You feel dopey.
The sixfirhy barely misses your large abomination.
You block the sun demon's attack. The balrug gestures at you.
The fireball explodes!
The fireball engulfs you! You resist.
* * * LOW HITPOINT WARNING * * *
The fireball engulfs your large abomination.
The fireball engulfs the infernal warmonger.
The infernal warmonger completely resists.
The fireball engulfs the balrug.
The balrug completely resists.
The fireball engulfs the sun demon.
The sun demon completely resists.
The fireball engulfs your large abomination.
You block the infernal warmonger's attack.
The sun demon barely misses you.
The balrug hits you with a demon whip of flaming!!
* * * LOW HITPOINT WARNING * * *
You are engulfed in flames.
You resist.
You die...

##....##{...4.....
##..X...##3#.......
##...$....2...###...
#.......4.....# * ..
#.....33)4....# ,,
#....23.:###### ,
#..X333.## , ∩
#XX232.## *,
##.@66## * , ##.X##
*, #### *, , * ,, *
,, **** ,,, **, ,,
,, *, ,, ,, *,, ,,
,,


You could see a cacodemon (inner flame), an infernal warmonger (berserk), a
lorocyproca (invisible), 2 balrugs, a monstrous blood saint, 5 sun demons, an
orange demon, a large abomination, 2 sixfirhies, a red devil and 4 friendly
large abominations.

Vanquished Creatures
  A tengu reaver (Vaults:5)
  A vault warden (Vaults:3)
  A deep elf sorcerer (Elf:3)
  2 very ugly things
  2 deep elf annihilators
  A merfolk impaler (Shoals:3)
  An ettin (Vaults:5)
  2 merfolk javelineers
  23 vault guards
  A deep elf high priest (Vaults:5)
  Harold (D:10)
  5 yaktaur captains
  An ice dragon (Vaults:3)
  A spriggan air mage (Depths:5)
  6 two-headed ogres
  A hydra (D:8)
  2 merfolk avatars
  5 centaur warriors
  A death yak (Lair:4)
  An ogre mage (Vaults:3)
  A thrashing horror (Abyss:3)
  3 satyrs
  2 tengu warriors (D:15)
  A vampire mage (Vaults:2)
  A fire crab (shapeshifter) (Vaults:4)
  5 deep elf knights
  A skeletal warrior (D:15)
  An unseen horror (shapeshifter) (Vaults:3)
  A sixfirhy (Abyss:2)
  An unseen horror (D:13)
  3 sea snakes (Shoals:4)
  2 wizards
  4 deep elf archers
  A necromancer (Vaults:2)
  A phantasmal warrior (Crypt:1)
  14 deep elf magi
  3 harpies
  2 ugly things
  A manticore (Shoals:1)
  An orc sorcerer (Orc:1)
  4 fauns
  A centaur zombie (D:13)
  2 elephants
  5 cyclopes
  A black mamba (Snake:4)
  An ice statue (IceCv)
  A water nymph (Shoals:1)
  2 vault sentinels
  A smoke demon (Abyss:2)
  2 merfolk sirens
  A naga mage (Snake:4)
  2 rime drakes (shapeshifter)
  3 spiny frogs
  5 rime drakes
  A freezing wraith (Vaults:4)
  A kobold demonologist (D:14)
  8 yaktaurs
  A troll (D:14)
  A tengu conjurer (D:15)
  An ice devil (Lair:6)
  A wind drake (Shoals:2)
  3 merfolk
  A hornet (D:10)
  6 blink frogs
  A raiju (Abyss:3)
  5 dream sheep
  9 hippogriffs
  A centaur simulacrum (D:15)
  A snapping turtle (Shoals:4)
  A wraith (Shoals:2)
  A ynoxinul (Abyss:2)
  A redback (Vaults:1)
  A water elemental (Shoals:3)
  3 wyverns
  A neqoxec (Abyss:2)
  A golden eye (shapeshifter) (Vaults:4)
  13 yaks
  2 vampire mosquitoes (D:14)
  2 wargs
  2 nagas (Snake:1)
  9 water moccasins
  7 porcupines
  A hell hound (D:9)
  3 small abominations (Abyss:2)
  2 ice beasts
  11 orc warriors
  2 sky beasts
  An eye of draining (D:13)
  A phantom (D:8)
  A necrophage (D:7)
  A black bear (D:7)
  13 ogres
  6 wolves
  A boggart (Vaults:3)
  12 centaurs
  7 crocodiles
  8 big kobolds
  16 bullfrogs
  3 gnoll sergeants
  A wyvern skeleton (D:14)
  5 scorpions
  6 killer bees
  8 wights
  4 howler monkeys
  An electric eel (D:11)
  2 bullfrog zombies
  7 crimson imps
  4 centaur skeletons
  An iron imp (Abyss:2)
  10 orc priests
  8 hounds
  Crazy Yiuf (D:7)
  A gnoll shaman (D:7)
  5 jellies
  2 bullfrog skeletons
  10 iguanas
  Natasha (thrice) (D:4 D:5)
  11 orc wizards
  A hell rat (Lair:3)
  12 worker ants
  A hound zombie (D:6)
  Robin (D:2)
  14 gnolls
  A howler monkey skeleton (D:6)
  5 river rats
  19 adders
  3 shadow imps
  An ufetubus (Abyss:3)
  3 oozes (Sewer)
  An adder zombie (D:8)
  An adder skeleton (D:4)
  6 worms
  4 dart slugs
  5 leopard geckos
  54 orcs
  12 giant cockroaches
  12 goblins
  12 hobgoblins
  16 jackals
  24 kobolds
  5 quokkas
  4 ball pythons
  6 bats
  A frilled lizard (D:3)
  A kobold zombie (Crypt:1)
  A leopard gecko skeleton (D:4)
  8 rats
  A tentacle (Shoals:1)
638 creatures vanquished.

Vanquished Creatures (collateral kills)
  the Royal Jelly (Slime:5)
  Gloorx Vloq (Pan)
  Mnoleg (Pan)
  Lom Lobon (Pan)
  4 ancient liches
  An orb of fire (Zot:5)
  Mara (Vaults:4)
  Mennas (Crypt:3)
  2 juggernauts
  Xtahua (Crypt:3)
  Boris (thrice) (Vaults:3 Crypt:2 Crypt:3)
  Saint Roka (Snake:2)
  Sojobo (Depths:5)
  Bai Suzhen (Vaults:5)
  A shard shrike (Zig:5)
  Margery (Depths:4)
  5 Killer Klowns
  3 curse toes
  Nikola (Elf:3)
  the Enchantress (Depths:5)
  11 golden dragons
  Jory (Vaults:4)
  7 pandemonium lords (Pan)
  3 bone dragons (Depths:5)
  4 Brimstone Fiends (Pan)
  3 Tzitzimimeh (Pan)
  4 electric golems
  6 Hell Sentinels (Pan)
  Jorgrun (Vaults:4)
  6 liches
  2 Ice Fiends
  22 tentacled monstrosities
  16 Orb Guardians (Zot:5)
  A shard shrike skeleton (Crypt:1)
  5 titans
  5 quicksilver dragons
  17 acid blobs
  2 deep elf master archers (Elf:3)
  An eldritch tentacle (Zig:9)
  10 death cobs
  2 deep elf blademasters (Elf:3)
  3 krakens
  10 sphinxes
  7 tengu reavers
  28 Executioners (Pan)
  11 shadow dragons
  Frances (Snake:2)
  16 storm dragons
  An ancient champion (Crypt:2)
  9 draconian monks
  3 revenants
  A sphinx (shapeshifter) (Vaults:1)
  Ilsuiw (Shoals:4)
  13 nagarajas
  11 azure jellies
  A daeva (Pan)
  12 draconian knights
  13 fire giants
  2 iron dragons (Depths:4)
  An azure jelly (shapeshifter) (Zot:1)
  12 vault wardens
  6 draconian scorchers
  6 ghost moths
  5 warmongers (Pan)
  9 balrugs
  4 deep elf sorcerers
  Louise (Depths:2)
  12 frost giants
  A ghoul (Crypt:2)
  6 draconian shifters
  24 cacodemons (Pan)
  8 draconian stormcallers
  3 spriggan defenders (Depths:5)
  7 curse skulls
  6 deep elf elementalists
  11 reapers (Pan)
  7 draconian annihilators
  5 war gargoyles
  A caustic shrike skeleton (Zig:8)
  6 blood saints (Pan)
  24 very ugly things
  23 stone giants
  12 ironheart preservers
  12 vampire knights
  2 entropy weavers (Vaults:1)
  8 deep elf demonologists
  10 corrupters (Pan)
  7 green draconians
  17 black draconians
  9 black suns (Pan)
  13 yellow draconians
  8 lorocyprocas (Pan)
  11 deep elf annihilators
  2 dire elephants
  12 white draconians
  17 purple draconians
  9 spark wasps
  16 red draconians
  7 deep elf death magi
  21 ettins
  10 fire dragons
  11 merfolk javelineers
  14 blizzard demons
  Snorg (Lair:3)
  9 death oozes (Slime:5)
  A minotaur (Lab)
  6 eidola
  17 great orbs of eyes
  15 merfolk impalers
  Josephine (Shoals:1)
  15 green deaths
  10 jiangshi
  Erolcha (D:9)
  3 deep elf high priests
  10 monstrous demonspawn (Pan)
  29 vault guards
  12 ogre magi
  27 yaktaur captains
  12 ice dragons
  17 naga warriors
  3 hell beasts (Pan)
  5 rakshasas
  6 spriggan air magi
  4 hydras
  3 quicksilver dragon skeletons
  7 merfolk aquamancers
  11 death knights
  20 anacondas
  3 merfolk avatars
  A catoblepas (Lair:4)
  4 satyrs
  5 alligator snapping turtles
  7 centaur warriors
  18 two-headed ogres
  14 deep troll earth magi
  18 deep troll shamans
  3 tengu warriors
  7 vampire magi
  2 orc high priests
  18 naga sharpshooters
  A titan zombie (Depths:2)
  18 dancing weapons
  5 spriggan berserkers
  4 shock serpents
  6 thrashing horrors
  4 spriggans (Depths:5)
  14 deep elf knights
  26 sun demons
  21 soul eaters (Pan)
  15 skeletal warriors
  4 hell knights
  A wretched star (Zig:8)
  8 shadow demons (Pan)
  38 sixfirhies
  A cherub (Pan)
  5 shadow wraiths
  3 glowing orange brains
  16 wizards
  4 iron trolls
  2 unseen horrors
  2 salamander mystics
  A storm dragon skeleton (Crypt:3)
  10 gelid demonspawn (Pan)
  10 naga ritualists
  22 sea snakes
  23 deep elf archers
  21 deep trolls
  10 infernal demonspawn (Pan)
  29 harpies
  A golden dragon skeleton (Crypt:3)
  13 flayed ghosts
  17 ironbrand convokers
  A harpy (shapeshifter) (Depths:5)
  15 torturous demonspawn (Pan)
  2 mana vipers (shapeshifter)
  12 phantasmal warriors
  An iron giant skeleton (Crypt:2)
  7 necromancers
  13 orc knights
  A stone giant zombie (Depths:2)
  8 mana vipers
  85 deep elf magi
  2 frost giant zombies
  18 fauns
  A salamander (shapeshifter) (Zig:3)
  6 shining eyes
  2 shadow dragon skeletons (Crypt:1)
  4 orc sorcerers
  9 salamanders
  40 ugly things
  2 wolf spiders
  A manticore (shapeshifter) (Vaults:3)
  11 manticores
  A worldbinder (Zig:8)
  15 cyclopes
  A moth of wrath (shapeshifter) (Vaults:5)
  24 moths of wrath
  20 vault sentinels
  12 fire giant skeletons
  A stone giant skeleton (Pan)
  2 black mambas (shapeshifter)
  9 naga magi
  52 black mambas
  A water nymph (Shoals:2)
  A water nymph (shapeshifter) (Depths:3)
  8 guardian serpents
  5 rust devils
  A torpor snail (shapeshifter) (Vaults:5)
  3 eyes of devastation
  13 merfolk sirens
  4 frost giant skeletons
  38 smoke demons
  11 spiny frogs
  5 gargoyles
  35 orange demons
  11 elephants
  A torpor snail (Lair:5)
  8 komodo dragons
  A yaktaur zombie (Zig:1)
  An efreet (Pan)
  4 rime drakes
  An emperor scorpion zombie (Crypt:1)
  A spiny frog (shapeshifter) (Depths:3)
  63 yaktaurs
  10 freezing wraiths
  8 hellions (Pan)
  A rime drake (shapeshifter) (Depths:3)
  13 tormentors (Pan)
  A komodo dragon (shapeshifter) (Depths:1)
  An anaconda simulacrum (IceCv)
  11 demonic crawlers (Pan)
  A death yak skeleton (Crypt:2)
  3 human skeletons
  8 ice devils
  2 guardian mummies (Crypt:3)
  4 ancient zymes
  A harpy zombie (Crypt:1)
  22 hellwings
  A polar bear (shapeshifter) (Depths:2)
  37 merfolk
  15 red devils
  2 tengu conjurers
  A queen bee (Lair:3)
  8 trolls
  47 large abominations
  A harpy skeleton (Pan)
  A meliai (shapeshifter) (Depths:2)
  10 wind drakes
  4 hornets
  17 blink frogs
  11 raiju
  A raiju (shapeshifter) (Depths:5)
  62 slime creatures
  2 hydra skeletons
  11 snapping turtles
  2 bog bodies (Crypt:2)
  14 dream sheep
  A hippogriff (shapeshifter) (Depths:5)
  3 hippogriffs
  6 starcursed masses (Zig:8)
  10 flying skulls
  7 fire dragon skeletons (Crypt:3)
  A redback (shapeshifter) (Vaults:1)
  3 wyverns
  15 wraiths
  27 water elementals
  3 shadows
  9 air elementals
  A dire elephant simulacrum (IceCv)
  An ettin skeleton (Crypt:3)
  15 yaks
  2 tarantellas (shapeshifter) (Vaults:5)
  A vampire (D:14)
  19 ynoxinuls
  8 hungry ghosts
  2 fire elementals
  3 fire bats (Abyss:2)
  A black mamba skeleton (Pan)
  4 hogs (Shoals:1)
  28 chaos spawn
  5 golden eyes
  Grum (D:9)
  A basilisk (shapeshifter) (D:14)
  A wind drake skeleton (Crypt:1)
  24 neqoxecs
  3 basilisks
  A vampire mosquito (D:14)
  A harpy simulacrum (IceCv)
  48 nagas
  2 soldier ants (shapeshifter)
  A monstrous demonspawn zombie (Crypt:2)
  4 wargs
  An acid dragon (Vaults:1)
  2 hydra simulacra (IceCv)
  4 water moccasins
  A merfolk zombie (Crypt:2)
  5 hell hounds
  2 soldier ants
  A floating eye (shapeshifter) (Depths:2)
  5 floating eyes
  An ice dragon simulacrum (Abyss:2)
  A swamp drake (shapeshifter) (Depths:2)
  A sky beast (D:14)
  A merfolk skeleton (Pan)
  9 eyes of draining
  A spiny frog skeleton (Pan)
  28 orc warriors
  8 ice beasts
  A necrophage (Crypt:2)
  13 ogres
  An elephant zombie (Crypt:1)
  A boggart (shapeshifter) (Vaults:1)
  A human zombie (Vaults:3)
  15 wolves
  10 centaurs
  6 boggarts (Vaults:3)
  2 snapping turtle skeletons
  5 crocodiles
  A manticore skeleton (Pan)
  2 big kobolds
  2 fire crab zombies (Crypt:2)
  7 small abominations
  4 bullfrogs
  2 gnoll sergeants (D:11)
  3 earth elementals
  A scorpion (D:10)
  An orc simulacrum (Vaults:2)
  24 killer bees
  A troll skeleton (Crypt:3)
  23 wights
  An electric eel (Lair:4)
  4 crimson imps
  3 hounds
  5 orc priests
  2 human simulacra (Vaults:3)
  3 jellies
  A wyvern simulacrum (D:15)
  6 orc wizards
  An iron imp (Abyss:3)
  An iguana (D:9)
  A hell rat (Lair:3)
  A worker ant (D:14)
  A lightning spire (Zig:9)
  A killer bee zombie (D:8)
  A big kobold zombie (Crypt:1)
  A demigod zombie (Crypt:1)
  A dwarf skeleton (Crypt:2)
  8 mummies (Crypt:3)
  A worker ant zombie (Crypt:1)
  2 adders
  4 gnolls
  2 river rats (Lair:3)
  A steam dragon zombie (Crypt:1)
  2 shadow imps
  A white imp (Zig:1)
  An ufetubus (Abyss:2)
  2 oozes (Lair:5)
  A dart slug (D:1)
  52 orcs
  A giant cockroach (D:3)
  7 goblins
  2 hobgoblins
  13 kobolds
  2 quokkas
  A ball python (shapeshifter) (Vaults:5)
  An orc skeleton (Crypt:2)
  A quokka skeleton (D:9)
  A river rat skeleton (Crypt:2)
  11 plants
  7 tentacles
  2 withered plants (Crypt:3)
2966 creatures vanquished.

Vanquished Creatures (others)
  A golden dragon (Vaults:5)
  66 eldritch tentacles
  A fire giant (Depths:2)
  An ironheart preserver (Vaults:4)
  A draconian stormcaller (Zig:9)
  2 blood saints (Pan)
  A rakshasa (Pan)
  A vampire mage (Depths:3)
  2 sun demons (Pan)
  A deep elf knight (Elf:3)
  An infernal demonspawn (Pan)
  An unseen horror (D:15)
  2 gelid demonspawn (Pan)
  A wizard (Pan)
  2 large abominations
  A necromancer (Vaults:3)
  2 deep elf magi
  2 moths of wrath (Zot:5)
  2 smoke demons (Pan)
  A water nymph (shapeshifter) (Depths:2)
  A hellion (Pan)
  A yaktaur (Depths:1)
  A demonic crawler (Pan)
  A flying skull (Crypt:2)
  An eye of draining (Pan)
  8 ball lightnings
  An orc (Orc:2)
  10 fungi
  A lurking horror (Abyss:2)
  53 plants
  16 tentacles
  18 toadstools
  5 withered plants (Crypt:3)
209 creatures vanquished.

Grand Total: 3813 creatures vanquished

Notes
Turn   | Place    | Note
-------+----------+-------------------------------------------
     0 | D:1      | namelastname112 the Draconian Summoner began the quest for the Orb.
     0 | D:1      | Reached XP level 1. HP: 14/14 MP: 3/3
     0 | D:1      | epen: так вот
     0 | D:1      | epen: придумает чё-то
     0 | D:1      | epen: и я говорю
    25 | D:1      | epen: Я БЛЯТЬ ВИЖУ, ЧТО ЧТО-ТО НЕ ТАК
    83 | D:1      | epen: и в итоге
    89 | D:1      | epen: потом нахуй
   345 | D:1      | Reached skill level 1 in Fighting
   345 | D:1      | epen: Я НЕ ХОТЕЛА ГОВОРИТЬ, ЧТОБЫ МЫ НЕ ССОРИЛИСЬ
   345 | D:1      | Reached XP level 2. HP: 21/23 MP: 5/5
   361 | D:1      | Learned a level 2 spell: Call Imp
   361 | D:1      | epen: Так сука
   391 | D:1      | epen: От того, что ты нахуй не говоришь
   405 | D:1      | epen: лучше блять не станет
   664 | D:1      | epen: Ты блять либо веди себя так, будто и правда нихуя нет
   801 | D:1      | epen: Либо говори как есть
   802 | D:1      | epen: алсо
   814 | D:1      | epen: Вот по этому поводу
   814 | D:1      | namelastname112: не
   814 | D:1      | epen: веди себя так
   814 | D:1      | namelastname112: это так не работает
   814 | D:1      | namelastname112: баба так не будет делать
   814 | D:1      | epen: у них нахуй эта хуйня может копиться
   814 | D:1      | namelastname112: ибо на самом деле
   814 | D:1      | namelastname112: им просто внимания хочется
   814 | D:1      | namelastname112: и всего такого
   847 | D:1      | epen: ага
   875 | D:2      | epen: сука
   875 | D:2      | Reached XP level 3. HP: 28/28 MP: 6/6
   887 | D:2      | epen: 3 вина
  1265 | D:2      | epen: подсобишь?
  1269 | D:2      | Learned a level 3 spell: Call Canine Familiar
  1321 | D:2      | namelastname112: ну как помру
  1321 | D:2      | namelastname112: я просто думал завтра сделать
  1321 | D:2      | namelastname112: дейлик
  1321 | D:2      | namelastname112: хули
  1321 | D:2      | namelastname112: три вина
  1477 | D:2      | epen: вообще
  1680 | D:2      | epen: можно и завтра
  1687 | D:2      | Reached XP level 4. HP: 34/35 MP: 7/7
  1713 | D:2      | epen: мне всё ранво на пак не хватает
  1841 | D:2      | namelastname112: вот
  1841 | D:2      | namelastname112: да
  1881 | D:2      | Noticed Robin
  1910 | D:2      | epen: блять
  1917 | D:2      | epen: вот наша
  1922 | D:2      | Killed Robin
  1956 | D:2      | epen: самый уёбский уник на ранней стадии игры
  2402 | D:2      | epen: особенно, если у неё ещё посох какой-нибудь пиздатый
  2402 | D:2      | namelastname112: кто
  2402 | D:2      | epen: наташа
  2402 | D:2      | namelastname112: а
  2402 | D:2      | namelastname112: лол
  2402 | D:2      | namelastname112: да не
  2402 | D:2      | namelastname112: хуйня полная
  2402 | D:2      | epen: или этот блять
  2402 | D:2      | epen: суммонер ебучий
  2402 | D:2      | namelastname112: зигмунд или гриндер
  2402 | D:2      | namelastname112: вот они пидорасы
  2402 | D:2      | epen: естуачио
  2402 | D:2      | epen: или как его там
  2402 | D:2      | namelastname112: да он тоже лошара
  2644 | D:3      | epen: бля
  2700 | D:3      | epen: на улице такой ветер
  2713 | D:3      | Reached XP level 5. HP: 24/41 MP: 9/9
  2716 | D:3      | epen: я рот ебал
  3000 | D:3      | namelastname112: охуенно же
  3000 | D:3      | namelastname112: уютно
  3173 | D:3      | Reached skill level 5 in Summonings
  3261 | D:3      | epen: cука
  3470 | D:3      | epen: вот киблер нахуй раньше
  3483 | D:3      | epen: играл дохуя на драгон деках
  3495 | D:3      | epen: говорил мол
  3587 | D:3      | epen: как деку составлять
  3720 | D:3      | Found an opulent altar of Gozag.
  3728 | D:3      | epen: а сейчас он чё-то хуй положил на драконов
  3778 | D:4      | Noticed Menkaure
  4101 | D:4      | Found an iron altar of Okawaru.
  4156 | D:4      | Noticed Natasha
  4177 | D:4      | Reached XP level 6. HP: 29/50 MP: 6/10
  4182 | D:4      | Killed Natasha
  4558 | D:5      | Entered Level 5 of the Dungeon
  4696 | D:5      | Found a burning altar of Makhleb.
  4813 | D:5      | Found a glowing golden altar of the Shining One.
  4931 | D:5      | epen: https://www.twitch.tv/playbetterpro
  4937 | D:5      | epen: бляяяя
  4941 | D:5      | epen: она такая тупая
  4949 | D:5      | Your scales start taking on a pale cyan-grey colour.
  4949 | D:5      | Reached XP level 7. HP: 51/57 MP: 12/12
  4987 | D:5      | Reached skill level 6 in Summonings
  4990 | D:5      | Found a glowing drain.
  4993 | D:5      | epen: берёт нахуй квест мага
  4994 | Sewer    | Entered a sewer
  5000 | Sewer    | epen: против синдрагосы
  5136 | Sewer    | epen: думает
  5176 | Sewer    | epen: да я её откашну
  5219 | Sewer    | epen: а ничего блять, что после 20 хп
  5385 | Sewer    | epen: она твоих девок и антона блять
  5385 | Sewer    | epen: заморозит
  5385 | Sewer    | epen: И СУКА
  5385 | Sewer    | namelastname112: лол
  5385 | Sewer    | epen: там места нахуй нет
  5385 | Sewer    | epen: под девок
  5385 | Sewer    | namelastname112: дык
  5385 | Sewer    | namelastname112: да
  5385 | Sewer    | namelastname112: лол
  5419 | Sewer    | epen: гений нахуй
  5847 | D:5      | epen: слыш
  5853 | D:5      | epen: иди к чеи
  5859 | D:5      | epen: чё ты
  5871 | D:5      | epen: я серьёзно
  5966 | D:5      | namelastname112: блять
  5966 | D:5      | namelastname112: я не люблю чеи
  6017 | D:5      | epen: ну давай
  6026 | D:5      | epen: статы будут
  6026 | D:5      | epen: 40 40 40
  6031 | D:5      | Learned a level 4 spell: Summon Lightning Spire
  6163 | D:5      | Found a staircase to the Ecumenical Temple.
  6204 | D:5      | Noticed Natasha
  6217 | D:5      | Killed Natasha
  6223 | D:5      | epen: сможешь драгон кал к депсам кастовать
  6345 | D:5      | Noticed Natasha
  6346 | D:5      | epen: о
  6353 | D:5      | epen: Голбен
  6355 | D:5      | Killed Natasha
  6374 | Temple   | Entered the Ecumenical Temple
  6375 | Temple   | namelastname112: его сначала найти надо
  6387 | Temple   | Became a worshipper of Ashenzari the Shackled
  6400 | D:5      | epen: слыш
  6401 | D:5      | epen: а этот парень
  6429 | D:5      | epen: который стихийный
  6448 | D:5      | epen: до сих пор говно?
  6473 | D:5      | epen: и только рмисл даёт
  6473 | D:5      | namelastname112: ну
  6473 | D:5      | namelastname112: в экстенде говно
  6473 | D:5      | namelastname112: точнее
  6473 | D:5      | namelastname112: как говно
  6473 | D:5      | namelastname112: он просто громкий пиздец
  6473 | D:5      | namelastname112: если у тебя не с этим проблем
  6473 | D:5      | namelastname112: то норм
  6473 | D:5      | namelastname112: у него инвоки сильные
  6706 | D:5      | epen: бля
  6749 | D:5      | Reached XP level 8. HP: 67/67 MP: 14/14
  6756 | D:5      | epen: это ж нахуй почти бесконечная марка на тебе
  6761 | D:5      | Goblin1989: приветы эпен и намир
  6765 | D:5      | epen: в паны заходишь
  6856 | D:5      | epen: и сразу на тебя лом бежит
  6861 | D:5      | namelastname112: sup
  6861 | D:5      | epen: здороваться
  6938 | D:6      | Reached skill level 7 in Summonings
  7093 | D:6      | Reached skill level 5 in Fighting
  7338 | D:6      | p0werm0de: !polymorph epen
  7343 | D:6      | beem: p0werm0de zaps a wand. epen evaporates and reforms as a blink frog!
  7424 | D:6      | p0werm0de: ayye those are dangerous
  7439 | D:6      | Goblin1989: hi,pow
  7558 | D:6      | p0werm0de: hai
  7617 | D:6      | epen: realy hate ur ghost dude
  7618 | D:6      | p0werm0de: ;D
  7623 | D:6      | p0werm0de: i try not to die so much anymore
  7659 | D:7      | p0werm0de: !stalk p0werm0de
  7663 | D:7      | Reached skill level 5 in Spellcasting
  7674 | D:7      | beem: p0werm0de the L20 DsAE^Uska in Vaults:5 (cxc tiles), T:25327, runes: 3 (silver, gossamer, decaying), defenses: 17/19/20, stats: 11/26/19, >15 skills: Shields,Unarmed Combat
  7836 | D:7      | Goblin1989: !lg goblin1989 spas place=orc:2
  7840 | D:7      | Reached skill level 8 in Summonings
  7849 | D:7      | beem: 1. Goblin1989 the Unseen (L13 SpAs of Jiyva), blasted by an orc wizard (magic dart) on Orc:2 on 2017-04-28 05:54:05, with 41613 points after 21074 turns and 2:38:49.
  7873 | D:7      | Goblin1989: !lg goblin1989 spas place=orc:2 -log
  7875 | D:7      | p0werm0de: ha
  7876 | D:7      | Reached skill level 5 in Dodging
  7878 | D:7      | beem: 1. Goblin1989, XL13 SpAs, T:21074: http://crawl.xtahua.com/crawl/morgue/Goblin1989/morgue-Goblin1989-20170428-055405.txt
  7881 | D:7      | p0werm0de: magic dart
  8152 | D:7      | Reached XP level 9. HP: 59/75 MP: 16/16
  8228 | D:7      | Learned a level 4 spell: Summon Ice Beast
  8356 | D:7      | Found a runed door.
  8600 | D:7      | Goblin1989:
 10735 | Slime:5  | Got a slimy rune of Zot
  8601 | D:7      | epen: Я чё-то вспомнил как турнир был
  8612 | D:7      | epen: в прошлом году
  8658 | D:7      | Goblin1989: XL=10
  8673 | D:7      | epen: и всякие челы блять прокаченных гостов оставляли на ранних этажах
  8820 | D:7      | namelastname112: ммм
  8820 | D:7      | namelastname112: я тоже так делал
  8820 | D:7      | namelastname112: поинты
  9051 | D:7      | Noticed Crazy Yiuf
  9059 | D:7      | Killed Crazy Yiuf
  9344 | D:8      | Reached skill level 9 in Summonings
  9657 | D:8      | p0werm0de: !gkills
  9672 | D:8      | beem: 182 kills by p0werm0de's ghost: 40x P0WERM0DE, 3x Reinor, 3x Arkorax, 3x 4thArraOfDagon, 2x tstbtto, 2x OmG, 2x futacatgirl, 2x namelastname112, 2x Rationalist, 2x Kloppie, 2x Philosophy, 2x Banto, 2x Yendor, 2x CcS, 2x Zigma, 2x emikaela, 2x WhatIsLove, 2x Frontstab, 2x flinch, 2x runewalsh, 2x benitares, 2x subsebi, Hanibal, TotoDurand, matakusis, Avanven, jedvagenij, FIQ, Quirk, Celandrion, D...
  9703 | D:8      | p0werm0de: nice man
  9726 | D:8      | p0werm0de: but die after;D
  9742 | D:8      | Goblin1989: !gkills
  9746 | D:8      | beem: 64 kills by Goblin1989's ghost: 13x Goblin1989, 3x emiel, 3x jazmu, 2x asdu, 2x magog001, 2x dscm, 2x Glorfindel, mdk, retryentry, Nico3ck, 1994, Paps, SolarFlare, Dustman, PeterLawrence, theAP, Fabri, gorpus, pedritolo, Duffy, Azzok, PlatinumSpider, s9io, GavinH, KristoblXynda, engine7v, lorenzova, Exporg, Eleanoora, bollicks1999, DEFE, Galewind, Tobisume, angZt, Lunath, firemonkey, cireshan, k...
  9953 | D:8      | Reached XP level 10. HP: 50/86 MP: 15/19
 10133 | D:8      | Noticed a two-headed hydra
 10151 | D:8      | Killed a two-headed hydra
 10151 | D:8      | Reached skill level 10 in Summonings
 10214 | D:8      | Goblin1989: как у бима спросить кого мои госты убили?
 10315 | D:8      | namelastname112: ты только что спросил
 10322 | D:8      | Goblin1989: хм
 10333 | D:8      | Noticed a two-headed ogre
 10356 | D:8      | Killed a two-headed ogre
 10427 | D:8      | Noticed a two-headed ogre
 10435 | D:8      | Goblin1989: чет я думал я спросил чьих гостов я убивал :D
 10441 | D:8      | Killed a two-headed ogre
 10774 | D:9      | Noticed a two-headed ogre
 10783 | D:9      | Killed a two-headed ogre
 10981 | D:9      | Goblin1989: !lg goblin1989 migl -log
 10984 | D:9      | beem: 8. Goblin1989, XL5 MiGl, T:2067: http://crawl.xtahua.com/crawl/morgue/Goblin1989/morgue-Goblin1989-20161106-022006.txt
 11050 | D:9      | Reached skill level 11 in Summonings
 11153 | D:9      | Noticed Grum
 11166 | D:9      | Killed Grum
 11190 | D:9      | Found a staircase to the Lair.
 11391 | D:9      | Noticed Erolcha
 11413 | D:9      | Killed Erolcha
 11413 | D:9      | Reached XP level 11. HP: 95/95 MP: 11/22
 11640 | D:9      | Goblin1989: странно, но последним я вроде гладиатором федаса выигрывал
 11641 | D:9      | Identified a scroll of acquirement
 11641 | D:9      | Goblin1989: это я к чему
 11641 | D:9      | namelastname112: хочу книгу
 11641 | D:9      | namelastname112: суммонов
 11641 | D:9      | Goblin1989: хочу попробовать мерфолка федаса сделать
 11641 | D:9      | Identified the Almanac of Assistive Earth (You acquired it on level 9 of the Dungeon)
 11643 | D:9      | Goblin1989: нужно было к сифмуне идти
 11650 | D:9      | epen: лол
 11650 | D:9      | epen: найс книга
 11650 | D:9      | namelastname112: пошла сиф нахуй
 11650 | D:9      | namelastname112: тупая сука
 11740 | D:10     | Entered Level 10 of the Dungeon
 11766 | D:10     | Goblin1989: да ладно, нормальный бог
 11806 | D:10     | Noticed Harold
 11807 | D:10     | epen: о
 11808 | D:10     | epen: сеточки
 11824 | D:10     | Killed Harold
 12110 | D:10     | Reached * piety under Ashenzari
 12188 | D:10     | Paralysed by a hornet for 2 turns
 12192 | D:10     | Goblin1989: я помню казуал с иваном спорили кто круче вех или сиф, к согласию в итоге так и не пришли
 12290 | D:10     | Found a portal to a secret trove of treasure.
 12317 | D:10     | epen: вех же
 12322 | D:10     | Goblin1989: о, трова нарисовалась
 12546 | D:10     | epen: А где список русских в кравле?
 12610 | D:10     | Goblin1989: ну я бы сказал что они каждый по-своему крут
 12617 | D:10     | namelastname112: !nick allofthem
 12617 | D:10     | beem: Mapping allofthem => wvc waterpls ngotmuk noir margery fiftynine emanloe uristpineapples ldf ololoev sar defe haldagan runewalsh ziggystardust malog whatislove crauler miyamura stonewall xeno23 casual uristmcmason hannibal hungryspirit oplop jacquesderrida baka namelastname112 magnus pekapeka rester5115 imraulkays totalnoob futacatgirl swagnemite ohyou hyperldf letchik blinkfrog illaniel yoba te...
 12634 | D:10     | Goblin1989: сиф это же более гибкое колдунство
 12688 | D:10     | Killed an unseen horror
 13120 | D:10     | Goblin1989: а с вехом ты девятки колдовать будешь с 7 инты
 13178 | D:11     | Noticed a two-headed ogre
 13189 | D:11     | Killed a two-headed ogre
 13245 | D:11     | epen: !lg casual
 13258 | D:11     | beem: 3875. casual the Ducker (L8 DsTm), slain by nago's ghost on D:6 on 2017-08-23 05:17:46, with 1306 points after 6834 turns and 0:09:43.
 13283 | D:11     | Noticed a two-headed ogre
 13292 | D:11     | Killed a two-headed ogre
 13299 | D:11     | Found a staircase to the Orcish Mines.
 13301 | D:11     | epen: казуал играет ещё
 13360 | D:11     | epen: а говорили, что все хуй забили на игру
 13508 | D:11     | epen: о
 13512 | D:11     | epen: ошли в орки
 13609 | D:11     | epen: на первый этаж
 13693 | D:11     | Reached skill level 12 in Summonings
 13706 | D:11     | Identified the ring "Eptumiy" {rF+ EV+5 SInv}
 13913 | D:11     | epen: слыш
 13926 | D:11     | epen: чекни
 13928 | D:11     | epen: трезубе
 13929 | D:11     | epen: ц
 13931 | D:11     | epen: снизу
 13931 | D:11     | namelastname112: ща
 13931 | D:11     | namelastname112: пизды получу
 14005 | D:11     | Got the trident "Puru" {vamp, rN++ Str-4}
 14024 | D:11     | Identified the +7 trident "Puru" {vamp, rN++ Str-4} (You found it on level 11 of the Dungeon)
 14396 | D:12     | Paralysed by a hornet for 1 turns
 14533 | D:12     | Noticed Rupert
 14535 | D:12     | Paralysed by Rupert for 6 turns
 14567 | D:13     | Noticed a centaur warrior
 14959 | D:13     | Reached ** piety under Ashenzari
 14980 | D:13     | Noticed a green ugly thing
 14990 | D:13     | Killed a green ugly thing
 15307 | D:13     | Found a glowing golden altar of the Shining One.
 15388 | D:13     | Killed a centaur warrior
 15388 | D:13     | Reached XP level 12. HP: 40/106 MP: 10/24
 15534 | D:13     | Noticed a centaur warrior
 15554 | D:13     | Killed a centaur warrior
 15740 | D:13     | Found a white marble altar of Elyvilon.
 15864 | D:13     | Reached skill level 10 in Fighting
 16160 | D:13     | Reached skill level 13 in Summonings
 16188 | D:13     | epen: Вот мы и остались вдвоём
 16246 | D:13     | namelastname112: лол
 16246 | D:13     | namelastname112: как обычно
 16513 | D:14     | Gained mutation: You are clumsy. (Dex -2) [mutagenic meat]
 16514 | D:14     | Gained mutation: You have a pair of small antennae on your head. [mutagenic meat]
 16515 | D:14     | Gained mutation: You are robust. (+10% HP) [mutagenic meat]
 16516 | D:14     | Gained mutation: Your large and strong wings let you fly indefinitely. [mutagenic meat]
 16672 | D:14     | Noticed a two-headed ogre
 16681 | D:14     | Killed a two-headed ogre
 16715 | D:14     | Found a gate to the Vaults.
 16715 | D:14     | Noticed a vault guard
 16715 | D:14     | Noticed a vault guard
 16715 | D:14     | Noticed a vault guard
 16717 | D:14     | Noticed a vault guard
 16717 | D:14     | Noticed a vault guard
 16718 | D:14     | Noticed a vault guard
 16721 | D:14     | Noticed a vault guard
 16722 | D:14     | Noticed a vault guard
 16731 | D:14     | Killed a vault guard
 16744 | D:14     | Found a blossoming altar of Fedhas.
 16782 | D:14     | Killed a vault guard
 16782 | D:14     | Killed a vault guard
 16791 | D:14     | Killed a vault guard
 16975 | D:14     | Noticed a centaur warrior
 16992 | D:14     | Killed a centaur warrior
 17067 | D:14     | Killed a vault guard
 17203 | D:14     | Killed a vault guard
 18070 | D:15     | Entered Level 15 of the Dungeon
 18162 | D:15     | Found Jasos's Jewellery Boutique.
 18258 | D:15     | namelastname112: блять
 18258 | D:15     | namelastname112: как меня заебала эта книга
 18258 | D:15     | namelastname112: отвечаю
 18258 | D:15     | namelastname112: всегда ее нахожу
 18258 | D:15     | namelastname112: каждый раз нахуй
 18356 | D:15     | Found a shadowy altar of Dithmenos.
 18376 | D:15     | Noticed a tengu warrior
 18384 | D:15     | epen: Лол
 18386 | D:15     | epen: смотри
 18386 | D:15     | Killed a tengu warrior
 18388 | D:15     | epen: the +11 dagger of Rubbish {protect, Str+4}
 18506 | D:15     | Noticed a death knight
 18572 | D:15     | Noticed a death knight
 18614 | D:15     | Killed a death knight
 18673 | D:15     | Reached skill level 14 in Summonings
 18695 | D:15     | Killed a death knight
 18695 | D:15     | Reached XP level 13. HP: 125/125 MP: 6/26
 19384 | D:15     | Found a staircase to the Depths.
 19678 | D:15     | Found Juatah's Assorted Antiques.
 19686 | D:15     | Bought a scroll labeled MUESUMYMNEJ for 31 gold pieces
 19853 | Lair:1   | Entered Level 1 of the Lair of Beasts
 20044 | Orc:1    | Entered Level 1 of the Orcish Mines
 20106 | Orc:1    | Reached skill level 10 in Dodging
 20465 | Orc:2    | Entered Level 2 of the Orcish Mines
 20467 | Orc:2    | epen: Имя
 20474 | Orc:2    | epen: давай расистскую шутку
 20474 | Orc:2    | namelastname112: лол
 20474 | Orc:2    | namelastname112: смотри
 20474 | Orc:2    | namelastname112: идешь по улице
 20474 | Orc:2    | namelastname112: и видишь
 20474 | Orc:2    | namelastname112: как нигеры насилуют бабу
 20474 | Orc:2    | namelastname112: что нужно сделать
 20474 | Orc:2    | namelastname112: чтобы они перестали?
 20544 | Orc:2    | epen: Начать стрелять в воздух?
 20551 | Orc:2    | namelastname112: бросить баскетбольный мяч
 20552 | Orc:2    | Found Eneseq's Antique Armour Emporium.
 20553 | Orc:2    | Noticed an ettin
 20556 | Orc:2    | epen: сука
 20600 | Orc:1    | Killed an ettin
 20600 | Orc:1    | Reached skill level 10 in Spellcasting
 21116 | Orc:2    | Noticed a stone giant
 21251 | Orc:1    | Killed a stone giant
 21385 | Orc:2    | Noticed an ettin
 21422 | Orc:2    | Killed an ettin
 21525 | Orc:2    | Found Loagaazu's Book Boutique.
 21634 | Orc:2    | Found Humaf's Antique Weapon Shop.
 21688 | Orc:2    | Reached *** piety under Ashenzari
 21692 | Orc:2    | Found a staircase to the Elven Halls.
 21738 | Orc:2    | Noticed an ettin
 21745 | Orc:2    | Killed an ettin
 21771 | Orc:2    | Found Big Lant's General Store.
 21844 | Orc:2    | Found a roughly hewn altar of Beogh.
 22273 | Orc:2    | Bought a pair of steaming gloves for 294 gold pieces
 22273 | Orc:2    | Identified the +0 pair of gloves "Wimog" {Str+2} (You bought it in a shop on level 2 of the Orcish Mines)
 22307 | Orc:2    | Bought a book of Beasts for 605 gold pieces
 22315 | Orc:2    | Learned a level 7 spell: Summon Hydra
 22795 | Lair:1   | Reached skill level 15 in Summonings
 23341 | Lair:2   | Found a staircase to the Snake Pit.
 24023 | Lair:2   | Reached XP level 14. HP: 128/137 MP: 25/28
 25007 | Lair:3   | Got the cursed battleaxe of Immorality {flame, +Blink +Fly}
 25375 | Lair:3   | Noticed Snorg
 25395 | Lair:3   | Killed Snorg
 25696 | Lair:4   | Reached **** piety under Ashenzari
 25711 | Lair:4   | epen: так
 25715 | Lair:4   | epen: как убивать гидру блять
 25720 | Lair:4   | epen: за Ае?
 25774 | Lair:4   | namelastname112: болты
 25774 | Lair:4   | namelastname112: страйки
 26515 | Lair:4   | Found a staircase to the Shoals.
 26607 | Lair:4   | Found a runed door.
 27177 | Lair:5   | Found a labyrinth entrance.
 27193 | Lab      | Entered a labyrinth
 27401 | Lab      | Identified the ring of Lustev Ylut {Str+3 Int+5 Stlth+}
 28354 | Lair:5   | Found a runed door.
 28355 | Lair:5   | Found a viscous altar of Jiyva.
 28355 | Lair:5   | Found a staircase to the Slime Pits.
 28498 | Lair:6   | Entered Level 6 of the Lair of Beasts
 28596 | Lair:6   | Reached ***** piety under Ashenzari
 28664 | Lair:6   | Reached skill level 16 in Summonings
 29335 | Lair:6   | Found a burning altar of Makhleb.
 29339 | Lair:6   | epen: Слыш
 29348 | Lair:6   | epen: стоит за АЕ учить спелы других стихий?
 29349 | Lair:6   | namelastname112: ну
 29349 | Lair:6   | epen: вот мне тут предлагают стенки взрывать
 29349 | Lair:6   | namelastname112: нет
 29349 | Lair:6   | namelastname112: лол
 29349 | Lair:6   | epen: эх
 29349 | Lair:6   | namelastname112: ты кто по нации?
 29352 | Lair:6   | epen: а спел-то клёвый
 29355 | Lair:6   | epen: я
 29357 | Lair:6   | epen: Эльф
 29361 | Lair:6   | epen: Правый
 29521 | Lair:6   | Found a gateway to Hell.
 30495 | Elf:1    | Entered Level 1 of the Elven Halls
 30514 | Elf:1    | epen: сука
 30520 | Elf:1    | Learned a level 5 spell: Summon Mana Viper
 30521 | Elf:1    | epen: и как мне убивать оружие блять?
 30521 | Elf:1    | epen: если это имунно к элеку
 30521 | Elf:1    | epen: айр страйком?
 30521 | Elf:1    | namelastname112: ага
 30521 | Elf:1    | namelastname112: он их хорошо ебет
 30521 | Elf:1    | namelastname112: потому что оно летает
 30526 | Elf:1    | Found a radiant altar of Vehumet.
 31281 | Elf:1    | Reached XP level 15. HP: 71/147 MP: 8/30
 31830 | Elf:1    | Learned a level 2 spell: Blink
 32130 | Elf:1    | Identified the Grimoire of Creative Combat Magic
 32289 | Elf:1    | epen: сука
 32402 | Elf:1    | epen: за что пити у веха убавляются?
 32417 | Elf:1    | epen: я вроде спелами всех ебу
 32426 | Elf:1    | namelastname112: ну
 32426 | Elf:1    | namelastname112: медленно ебешь
 32426 | Elf:1    | namelastname112: лол
 32445 | Elf:1    | epen: У меня ещё фэйт сверху висит
 32496 | Elf:1    | Reached skill level 17 in Summonings
 32937 | Elf:3    | Entered Level 3 of the Elven Halls
 32986 | Elf:2    | Found Fomo's Armour Boutique.
 33001 | Elf:2    | Bought the +3 cloak "Fawisysa" {rPois} for 460 gold pieces
 33769 | Elf:2    | epen: сука
 33775 | Elf:2    | Found a huge runed gate.
 33775 | Elf:2    | Found a huge runed gate.
 33775 | Elf:2    | Found a huge runed gate.
 33781 | Elf:2    | epen: оод норм так ебурит
 33781 | Elf:2    | Found a huge runed gate.
 33781 | Elf:2    | Found a huge runed gate.
 33822 | Elf:2    | epen: мне нравится
 33873 | Elf:2    | namelastname112: лол
 33873 | Elf:2    | namelastname112: а ты думал
 33873 | Elf:2    | namelastname112: что она просто так так называется?
 33978 | Elf:3    | Noticed a deep elf sorcerer
 33978 | Elf:3    | Noticed Nikola
 34129 | Elf:3    | Identified the Guide on Battle Magic
 34645 | Shoals:1 | Entered Level 1 of the Shoals
 34798 | Shoals:1 | Noticed Kirke
 35168 | Shoals:1 | Noticed a sphinx
 35676 | Shoals:1 | Noticed a kraken
 35697 | Shoals:1 | Killed a kraken
 36750 | Shoals:1 | Noticed Josephine
 36760 | Shoals:1 | Killed Josephine
 37421 | Shoals:2 | Reached XP level 16. HP: 159/159 MP: 16/32
 37595 | Shoals:2 | Got the uncursed pair of boots "Diedwin" {+Inv Str-3 Dex+5}
 37606 | Shoals:2 | Identified the +0 pair of boots "Diedwin" {+Inv Str-3 Dex+5} (You found it on level 2 of the Shoals)
 38496 | Shoals:2 | Reached skill level 18 in Summonings
 39189 | Shoals:3 | Found Midghes's Antique Armour Emporium.
 39222 | Shoals:3 | Bought a glowing buckler for 285 gold pieces
 39229 | Shoals:3 | Found a frozen archway.
 39236 | IceCv    | Entered an ice cave
 40762 | Shoals:3 | Noticed Roxanne
 41118 | Shoals:3 | Reached skill level 1 in Shields
 41524 | Shoals:3 | Noticed a kraken
 41530 | Shoals:3 | Killed a kraken
 41857 | Shoals:4 | Entered Level 4 of the Shoals
 42113 | Shoals:4 | Identified the ring of Zyen {Wiz rPois rC+++ MR- Str-2}
 43417 | Shoals:4 | Got a barnacled rune of Zot
 43627 | Shoals:4 | Reached skill level 5 in Shields
 44062 | Shoals:4 | Noticed Ilsuiw
 44571 | Shoals:4 | epen: Бляяяя
 44572 | Shoals:4 | epen: За магов так дрочно играть
 44578 | Shoals:4 | Killed Ilsuiw
 44582 | Shoals:3 | namelastname112: лол
 44582 | Shoals:3 | namelastname112: не табается?
 44898 | Shoals:3 | epen: Ну как
 44901 | Shoals:4 | epen: я в орках
 44969 | Shoals:4 | epen: за 2 часа только
 45120 | Shoals:4 | Noticed a kraken
 45122 | Shoals:4 | Identified the Handbook of Ensnaring Shape Shifting
 45127 | Shoals:4 | epen: за того же тмута я за 2 часа волт бы чистил
 45127 | Shoals:4 | Reached XP level 17. HP: 169/169 MP: 20/33
 45131 | Shoals:4 | namelastname112: лол
 45131 | Shoals:4 | namelastname112: ну
 45131 | Shoals:4 | namelastname112: ты просто медленный
 45145 | Shoals:4 | Killed a kraken
 45146 | Shoals:4 | epen: а еще сука
 45254 | Shoals:4 | epen: еды нехватает
 45272 | Shoals:4 | epen: я ебал
 45334 | Shoals:4 | namelastname112: лол
 45334 | Shoals:4 | namelastname112: небось оод во всех подряд кидаешь
 45446 | Shoals:4 | epen: Ну
 45537 | Shoals:4 | epen: если двухголовые огры и гидры это все подряд
 45606 | Lair:4   | epen: тогда да
 45652 | Snake:1  | Entered Level 1 of the Snake Pit
 45720 | Snake:2  | Found a flickering gateway to a bazaar.
 45729 | Bazaar   | Entered a bazaar
 45729 | Bazaar   | Found Fapsess's Magic Scroll Shoppe.
 45902 | Bazaar   | Found Sur Inn's Antique Weapon Shop.
 45903 | Bazaar   | Found Pinemn's Book Shoppe.
 45911 | Bazaar   | Found Viap's Distillery.
 45919 | Bazaar   | Bought a potion of heal wounds for 65 gold pieces
 45919 | Bazaar   | Bought a potion of heal wounds for 65 gold pieces
 45947 | Bazaar   | Found Coaxt's Jewellery Shoppe.
 45955 | Bazaar   | namelastname112: сука
 45955 | Bazaar   | namelastname112: где книги блять
 46025 | Snake:2  | epen: А вот к сифе пошёл бы
 46051 | Snake:1  | epen: были бы книги
 46051 | Snake:1  | namelastname112: да хуй
 46051 | Snake:1  | namelastname112: я пошел разок к сифе
 46051 | Snake:1  | namelastname112: она мне только в волтах чето насыпала
 46051 | Snake:1  | namelastname112: из суммонов
 46222 | Vaults:1 | Entered Level 1 of the Vaults
 46360 | Vaults:1 | Reached skill level 15 in Fighting
 47727 | Vaults:1 | Identified the ring of the Invisible Nights {Fire rPois Dex+2 Stlth+}
 50497 | Elf:3    | Noticed a deep elf blademaster
 50497 | Elf:3    | Noticed a deep elf blademaster
 50514 | Elf:3    | Killed a deep elf blademaster
 50530 | Elf:3    | Killed a deep elf blademaster
 50535 | Elf:3    | epen: ещё есть гозак
 50545 | Elf:3    | epen: ставишь книжный магаз
 50556 | Elf:3    | epen: и сам выбираешь
 50671 | Elf:3    | namelastname112: ага
 50671 | Elf:3    | namelastname112: лол
 50671 | Elf:3    | namelastname112: я к нему даже пойти не могу сейчас
 50992 | Elf:3    | Noticed a Brimstone Fiend
 51216 | Elf:3    | Noticed a deep elf master archer
 51232 | Elf:3    | Killed a deep elf master archer
 51414 | Elf:3    | Noticed a deep elf master archer
 51426 | Elf:3    | Killed a deep elf master archer
 51531 | Elf:3    | Identified the ring of Joerot {rF+ AC+2 Dex+4} (You took it off a deep elf sorcerer on level 3 of the Elven Halls)
 51602 | Elf:3    | Cast into level 3 of the Abyss (a deep elf sorcerer)
 51650 | Elf:3    | Escaped the Abyss
 51854 | Elf:3    | Cast into level 2 of the Abyss (a deep elf demonologist)
 51892 | Abyss:2  | Found a hazy altar of Hepliaklqana.
 51977 | Abyss:2  | Reached XP level 18. HP: 160/182 MP: 35/35
 52018 | Abyss:2  | namelastname112: ебать
 52018 | Abyss:2  | namelastname112: вот это найс
 52151 | Abyss:2  | Found a corrupted altar of Lugonu.
 52253 | Abyss:2  | Gained mutation: You are somewhat resistant to further mutation. [a neqoxec]
 52254 | Abyss:2  | Gained mutation: You are very clumsy. (Dex -4) [a neqoxec]
 52259 | Abyss:2  | Reached skill level 19 in Summonings
 52458 | Abyss:2  | Noticed a hellephant
 52478 | Abyss:2  | Found a corrupted altar of Lugonu.
 52756 | Abyss:2  | Found a corrupted altar of Lugonu.
 52790 | Abyss:2  | Noticed a bone dragon
 52960 | Abyss:2  | epen: ебать
 52962 | Abyss:2  | epen: популярный
 53015 | Abyss:2  | epen: аж 3 анона
 53090 | Abyss:2  | epen: лол
 53090 | Abyss:2  | namelastname112: потому что абисс
 53090 | Abyss:2  | epen: заблудился?
 53090 | Abyss:2  | namelastname112: а я без порталов
 53093 | Abyss:2  | epen: лол
 53093 | Abyss:2  | epen: ебать
 53093 | Abyss:2  | epen: найс
 53093 | Abyss:2  | namelastname112: так
 53093 | Abyss:2  | namelastname112: теперь надо вылезти
 53094 | Abyss:2  | epen: Беня подкрутил
 53103 | Abyss:2  | Learned a level 8 spell: Summon Horrible Things
 53257 | Abyss:3  | epen: сука
 53257 | Abyss:3  | epen: найс
 53257 | Abyss:3  | namelastname112: блять
 53257 | Abyss:3  | namelastname112: пиздато ударил
 53263 | Abyss:3  | epen: о
 53263 | Abyss:3  | epen: руна
 53294 | Abyss:3  | epen: руну проебал
 53296 | Abyss:3  | epen: н?
 53302 | Abyss:3  | epen: бля
 53340 | Abyss:3  | epen: о
 53345 | Abyss:3  | epen: опять руна
 53362 | Abyss:3  | namelastname112: бля
 53362 | Abyss:3  | namelastname112: похуй на руну
 53373 | Abyss:3  | epen: 7 блинков же
 53380 | Abyss:3  | epen: блинк
 53381 | Abyss:3  | epen: блинк
 53382 | Abyss:3  | epen: теле
 53387 | Abyss:3  | epen: эх
 53396 | Abyss:3  | epen: нет в тебе остроты
 53581 | Abyss:4  | Noticed a Hell Sentinel
 53583 | Abyss:4  | epen: уууу блять
 53585 | Abyss:4  | epen: вот ты и попался
 53611 | Abyss:4  | HP: 6/182 [Executioner (5)]
 53612 | Abyss:4  | epen: сука
 53613 | Abyss:4  | epen: жадный блять
 53618 | Abyss:4  | namelastname112: сука
 53618 | Abyss:4  | namelastname112: да в смысле жадный
 53618 | Abyss:4  | epen: ну блять
 53618 | Abyss:4  | epen: блинк на 30 хп ещё мог прожать
 53635 | Abyss:4  | Gained mutation: You are dopey. (Int -2) [a neqoxec]
 53640 | Elf:3    | Escaped the Abyss
 53681 | Elf:3    | epen: ебать
 53686 | Elf:3    | epen: живой
 53702 | Elf:2    | namelastname112: всем сосать хуй
 53702 | Elf:2    | namelastname112: епты
 53820 | Elf:2    | epen: лол
 53998 | Elf:2    | epen: давайакварь
 54007 | Elf:2    | Learned a level 7 spell: Monstrous Menagerie
 54007 | Elf:2    | epen: гулять так гулять
 54007 | Elf:2    | namelastname112: пизда всем блять
 54008 | Elf:2    | Lost mutation: You are very clumsy. (Dex -4) [potion of mutation]
 54008 | Elf:2    | Lost mutation: You are clumsy. (Dex -2) [potion of mutation]
 54008 | Elf:2    | Lost mutation: You are dopey. (Int -2) [potion of mutation]
 54008 | Elf:2    | Lost mutation: You are robust. (+10% HP) [potion of mutation]
 54008 | Elf:2    | Gained mutation: You possess an exceptional clarity of mind. [potion of mutation]
 54009 | Elf:2    | epen: лол
 54009 | Elf:2    | epen: найс намутировал
 54010 | Elf:2    | Got the cursed hat of Morality {Slay+2}
 54021 | Elf:2    | Identified the cursed +1 hat of Morality {Slay+2} (You acquired it on level 2 of the Elven Halls)
 54022 | Elf:2    | Identified the cursed +0 hat "Pelal" {rCorr Int+4} (You acquired it on level 2 of the Elven Halls)
 54050 | Elf:2    | Learned a level 7 spell: Malign Gateway
 54050 | Elf:2    | namelastname112: все блять
 54050 | Elf:2    | namelastname112: пизда всем
 54050 | Elf:2    | namelastname112: щупало выучил
 54089 | Elf:3    | epen: https://2ch.hk/b/src/159654944/15034860869500.webm
 54157 | Elf:3    | namelastname112: ??aura of abjuration
 54157 | Elf:3    | beem: aura of abjuration[1/1]: Level 5 Summoning spell which continuously abjures hostile summons around you, causing them to go away quicker.
 54157 | Elf:3    | namelastname112: вот это надо
 54157 | Elf:3    | namelastname112: оче
 54244 | Elf:3    | Identified Wutoen's Disquisition on the Gliding Rocks
 54381 | Elf:3    | Identified the Papyrus of Twisted Displacement
 54488 | Elf:3    | Killed Nikola
 56332 | Vaults:1 | Paralysed by a vampire knight for 4 turns
 57143 | Vaults:2 | epen: Вот сука
 57146 | Vaults:2 | epen: https://soundcloud.com/jazzmasterjd/instrumental
 57160 | Vaults:2 | epen: какой нахуй хип хоп и рэп?
 57183 | Vaults:2 | epen: кто блять тэги составляет на саундклауде?
 57257 | Vaults:2 | Found a staircase to the Crypt.
 57381 | Vaults:2 | namelastname112: лол
 57381 | Vaults:2 | namelastname112: хуй знает
 57381 | Vaults:2 | namelastname112: я не шарю
 57782 | Vaults:2 | Reached ****** piety under Ashenzari
 57828 | Vaults:2 | Learned a level 3 spell: Regeneration
 57848 | Vaults:2 | epen: выебал бы гарпию?
 57849 | Vaults:2 | namelastname112: не
 57849 | Vaults:2 | namelastname112: они же тупые
 57857 | Vaults:2 | epen: бля
 57893 | Vaults:2 | epen: ты ебать собираешься или пиздеть с ней?
 58031 | Vaults:2 | namelastname112: ну
 58031 | Vaults:2 | namelastname112: как выебу
 58031 | Vaults:2 | namelastname112: можно и попиздеть
 58038 | Vaults:2 | epen: не
 58047 | Vaults:2 | epen: как выебешь
 58223 | Vaults:2 | epen: она испарится
 58250 | Vaults:2 | epen: суммон же
 58272 | Vaults:2 | Found Heib's Distillery.
 58280 | Vaults:2 | Bought a potion of heal wounds for 55 gold pieces
 58280 | Vaults:2 | Bought 2 potions of heal wounds for 110 gold pieces
 58280 | Vaults:2 | Bought a potion of heal wounds for 55 gold pieces
 58436 | Vaults:2 | namelastname112: лол
 58436 | Vaults:2 | namelastname112: бля
 58436 | Vaults:2 | namelastname112: было бы так ирл
 58436 | Vaults:2 | namelastname112: суммон тян
 58462 | Vaults:2 | epen: ты бы гидру себе сумонил
 58475 | Vaults:2 | epen: двухголовую
 58487 | Vaults:2 | epen: чтоб одна член сосала
 58525 | Vaults:2 | Found Siteas's Gadget Boutique.
 58533 | Vaults:2 | epen: а другая жопу вылизывала
 58533 | Vaults:2 | namelastname112: я бы синдрагосу суммонил
 58547 | Vaults:2 | epen: синдрагоса не такая
 58702 | Vaults:3 | namelastname112: думаешь, не дала бы?
 58738 | Vaults:3 | Reached skill level 1 in Evocations
 58748 | Vaults:3 | epen: ну
 58772 | Vaults:3 | epen: Тебе бы пришлось её ДОБИВАТЬСЯ
 58971 | Vaults:3 | epen: зато потом бы рейдил её трусики драконьи
 59257 | Vaults:3 | Noticed Boris
 59259 | Vaults:3 | namelastname112: блять
 59259 | Vaults:3 | namelastname112: борис нахуй
 59271 | Vaults:3 | Killed Boris
 59288 | Vaults:3 | epen: http://rule34-data-007.paheal.net/_images/fad6a48cfaa9d14f70dac7c3c80d9c28/1587673%20-%20Freli%20Sindragosa%20World_of_Warcraft.jpg
 59319 | Vaults:3 | epen: ох
 59319 | Vaults:3 | epen: смотри
 59320 | Vaults:3 | epen: аниме
 59321 | Vaults:3 | epen: https://img.rule34.xxx//images/916/df05dd3b50bf3f4124993a2c11ab23ca2aed72bc.jpg?915162
 59334 | Vaults:2 | epen: смотри
 59334 | Vaults:2 | namelastname112: лол
 59334 | Vaults:2 | epen: блядует
 59334 | Vaults:2 | epen: https://img.rule34.xxx//samples/477/sample_473ed54693f443dfb96a1711f5ac6e476bd34655.jpg?476369
 59334 | Vaults:2 | namelastname112: мне надо через проксю сюда заходить
 59334 | Vaults:2 | namelastname112: пушем кидай
 59864 | Vaults:3 | Reached XP level 19. HP: 174/174 MP: 23/36
 60741 | Vaults:3 | Reached skill level 5 in Stealth
 60921 | Vaults:3 | Cast into level 3 of the Abyss (a wizard)
 60922 | Abyss:3  | epen: лол
 60922 | Abyss:3  | epen: привет
 60922 | Abyss:3  | namelastname112: блять
 60922 | Abyss:3  | namelastname112: вы меня дрочите чели
 60924 | Abyss:3  | epen: под маркой ещё
 60928 | Abyss:3  | epen: ммм
 60967 | Abyss:3  | epen: ну на этот раз давай с руной
 60990 | Abyss:3  | Identified the cursed +0 helmet of Fun {+Fly rC+}
 60996 | Abyss:3  | epen: сука
 61003 | Abyss:3  | epen: ща такой анекдот скину
 61025 | Abyss:3  | Found a corrupted altar of Lugonu.
 61048 | Abyss:3  | epen: Однажды мистер Пропер куда-то подевался. Все спрашивали: -Куда мистер Проперделся?
 61054 | Abyss:3  | Noticed an ancient lich
 61109 | Vaults:3 | Escaped the Abyss
 61384 | Vaults:4 | Noticed Jory
 61385 | Vaults:4 | Paralysed by a great orb of eyes for 4 turns
 61389 | Vaults:4 | namelastname112: ой
 61389 | Vaults:4 | namelastname112: жорик
 61412 | Vaults:4 | Killed Jory
 61493 | Vaults:4 | Noticed Jorgrun
 61555 | Vaults:4 | Killed Jorgrun
 61803 | Vaults:4 | epen: Блондинкa прибегaет к доктору: - Доктор, помогите! Меня укусил шмель! - Ничего, сейчaс нaмaжем мaзью. - Но кaк вы его поймaете? Шмель, нaверное, уже дaлеко улетел! - Дa нет же, я нaмaжу то место, где он вaс укусил. - А-a-a, это было в пaрке нa скaмейке, под деревом. Доктор, закатывая глаза: - Нет, я помaжу вaм ту чaсть телa, кудa вaс укусил шмель, и все пройдет. - Тaк бы и скaзaли, доктор! Шмель укусил меня в пaлец. - Кaкой именно? - Откудa я знaю? По мне, тaк все шмели одинaковые.
 61808 | Vaults:4 | epen: сука
 61815 | Vaults:4 | epen: тут неудобно
 61861 | Vaults:4 | epen: https://pp.userapi.com/c638317/v638317090/5cef9/5XdJiiF_-Ps.jpg
 61861 | Vaults:4 | namelastname112: охуенно
 61861 | Vaults:4 | namelastname112: блять
 61861 | Vaults:4 | namelastname112: ну и говно
 62182 | Vaults:4 | Noticed a lich
 62193 | Vaults:4 | Killed a lich
 62528 | Vaults:4 | epen: https://pp.userapi.com/c841422/v841422343/13efd/hzgv2lr3rBs.jpg
 62867 | Vaults:4 | epen: https://pp.userapi.com/c841537/v841537043/1480b/yRypdp6dYek.jpg
 63170 | Vaults:4 | namelastname112: лол
 63170 | Vaults:4 | namelastname112: а че в оригинале?
 63220 | Vaults:4 | Reached skill level 15 in Dodging
 63220 | Vaults:4 | Reached skill level 5 in Evocations
 63223 | Vaults:4 | Noticed Mara
 63226 | Vaults:4 | Killed Mara
 63227 | Vaults:4 | namelastname112: хехе блять
 63227 | Vaults:4 | namelastname112: мара не туда блинканулся
 63227 | Vaults:4 | namelastname112: еблан
 63227 | Vaults:4 | epen: http://i.imgur.com/5aNBC9N.jpg
 64193 | Snake:2  | Noticed Saint Roka
 64229 | Snake:2  | Killed Saint Roka
 64717 | Snake:2  | Reached skill level 20 in Summonings
 64750 | Snake:2  | Noticed Frances
 64762 | Snake:2  | Killed Frances
 66299 | Snake:4  | Entered Level 4 of the Snake Pit
 66374 | Snake:4  | Found Zatuw's Weapon Emporium.
 66560 | Snake:4  | epen: У мужика родила жена. Он спрашивает у акушерки: — Скажите, а когда мы теперь сможем заняться ceкcом? — Ну, через полчаса у меня заканчивается дежурство, жду вас на парковке!
 66754 | Snake:4  | namelastname112: блять
 66754 | Snake:4  | namelastname112: где ты берешь это говно
 66800 | Snake:4  | epen: в пабликах с анекдотами
 66806 | Snake:4  | epen: где ещё?
 66875 | Snake:4  | Reached XP level 20. HP: 160/184 MP: 6/38
 67061 | Snake:4  | epen: https://pp.userapi.com/c836223/v836223586/15d8a/5H6F9Y-qoBs.jpg
 67195 | Snake:4  | namelastname112: на этой картинке вы можете наблюдать
 67195 | Snake:4  | namelastname112: как два спелла ебут весь лейтгейм
 67218 | Snake:4  | Got a serpentine rune of Zot
 67237 | Snake:4  | epen: в томбу сходи
 67244 | Snake:4  | epen: хули ты
 67304 | Snake:4  | namelastname112: там надо другие два спелла
 68031 | Depths:1 | Entered Level 1 of the Depths
 68301 | Depths:1 | epen: Имя
 68311 | Depths:1 | epen: Засумонь дракона
 68365 | Depths:1 | namelastname112: хотелось бы
 68365 | Depths:1 | namelastname112: но пока не могу
 69336 | Depths:1 | namelastname112: охуели
 69819 | Depths:2 | Identified the ring "Debi" {rCorr rC+ MR+} (You took it off a spriggan berserker on level 2 of the Depths)
 70817 | Depths:2 | Reached skill level 10 in Stealth
 70825 | Depths:2 | Noticed Louise
 70842 | Depths:2 | Cast into level 2 of the Abyss (Louise)
 70843 | Abyss:2  | namelastname112: да вы заебали нахуй уже блятьаа
 70850 | Abyss:2  | Identified the cursed +0 pair of gloves of Vuczuun {rElec Str-4 Int+2}
 70884 | Depths:2 | Escaped the Abyss
 70889 | Depths:2 | Killed Louise
 71003 | Depths:2 | Found a one-way gate to the infinite horrors of the Abyss.
 71058 | Depths:2 | epen: https://www.youtube.com/watch?v=R_l5CtHTT3Y&t=137s
 71080 | Depths:2 | epen: посмотри
 71085 | Depths:2 | namelastname112: бля
 71085 | Depths:2 | namelastname112: у меня тян спит рядом
 71235 | Depths:2 | Identified the ring "Feaghor" {+Blink rC+ rN+ Str-4 SInv}
 71256 | Depths:2 | Identified the ring "Doac" {+Inv rPois MR+ MP-9 Stlth+}
 71258 | Depths:2 | Identified the ring "Anlipof" {+Blink Int+8 Stlth-}
 71373 | Depths:2 | epen: лол
 71546 | Depths:2 | epen: люди хуйню придумали
 71550 | Depths:2 | epen: ща скажу как называется
 71550 | Depths:2 | epen: погоди
 71551 | Depths:2 | epen: загуглю
 71553 | Depths:2 | epen: а
 71555 | Depths:2 | epen: НАУШНИКИ
 71906 | Depths:2 | namelastname112: мне в них неудобно
 71906 | Depths:2 | namelastname112: и так блять в проводах весь
 71991 | Depths:2 | Paralysed by a great orb of eyes for 2 turns
 72353 | Depths:3 | Found Fiselaid's Antique Armour Shoppe.
 72436 | Depths:3 | Found a one-way gate leading to the halls of Pandemonium.
 73169 | Depths:3 | Reached skill level 15 in Spellcasting
 74096 | Depths:4 | Identified the ring of Goruekay {rC++ Str+4 Slay+2 Stlth-} (You took it off a vampire knight on level 4 of the Depths)
 74142 | Depths:4 | Reached XP level 21. HP: 194/194 MP: 27/40
 74151 | Depths:4 | Noticed a golden dragon
 74160 | Depths:4 | Killed a golden dragon
 74347 | Depths:4 | Noticed a golden dragon
 74359 | Depths:4 | Killed a golden dragon
 74521 | Depths:4 | Noticed a juggernaut
 74530 | Depths:4 | Killed a juggernaut
 74825 | Depths:4 | Identified the ring "Xekliw" {Ice +Fly Str+4} (You took it off an orc priest on level 4 of the Depths)
 75082 | Depths:4 | Learned a level 6 spell: Deflect Missiles
 75132 | Depths:4 | Identified the ring "Cuskudem" {Fire MR+ Int+4}
 75132 | Depths:4 | Noticed Margery
 75193 | Depths:4 | Killed Margery
 75193 | Depths:4 | Reached skill level 1 in Air Magic
 75263 | Depths:4 | Reached skill level 1 in Charms
 75275 | Depths:4 | Found a gateway to a ziggurat.
 75327 | Depths:4 | Found Ateust's Food Shop.
 75557 | Depths:5 | Entered Level 5 of the Depths
 75559 | Depths:5 | namelastname112: данил
 75560 | Depths:5 | Upgraded the game from 0.21-a0-216-g6d3fd91 to 0.21-a0-221-gfe971b9
 75691 | Depths:5 | Noticed the Enchantress
 75702 | Depths:5 | Killed the Enchantress
 76283 | Depths:5 | Noticed Sojobo
 76300 | Depths:5 | Killed Sojobo
 77327 | Depths:5 | Found a runed door.
 77328 | Depths:5 | Found a runed door.
 77328 | Depths:5 | Found a runed door.
 77484 | Depths:5 | Found a runed door.
 77500 | Depths:5 | Noticed a juggernaut
 77546 | Depths:5 | Killed a juggernaut
 77601 | Depths:5 | Found a runed door.
 77605 | Depths:5 | Found a runed door.
 77648 | Depths:5 | Found a gate to the Realm of Zot.
 78257 | Zig:1    | Entered Level 1 of a ziggurat
 78280 | Zig:2    | Entered Level 2 of a ziggurat
 78291 | Zig:2    | Reached skill level 5 in Air Magic
 78327 | Zig:3    | Entered Level 3 of a ziggurat
 78410 | Zig:4    | Entered Level 4 of a ziggurat
 78462 | Zig:5    | Entered Level 5 of a ziggurat
 78467 | Zig:5    | Noticed a shard shrike
 78472 | Zig:5    | Killed a shard shrike
 78611 | Zig:5    | Found the +11 plutonium sword {*Contam Stlth-}
 78700 | Zig:6    | Entered Level 6 of a ziggurat
 78727 | Zig:6    | Reached skill level 1 in Necromancy
 78781 | Zig:7    | Entered Level 7 of a ziggurat
 78787 | Zig:7    | Found the +4 Vampire's Tooth {vamp}
 78797 | Zig:7    | Reached XP level 22. HP: 169/203 MP: 19/41
 78824 | Zig:7    | Identified Sif Muna's Reference Book on the Enchanting Frostbite
 78841 | Zig:7    | Reached XP level 23. HP: 193/211 MP: 42/42
 78881 | Zig:8    | Entered Level 8 of a ziggurat
 78899 | Zig:8    | Reached skill level 10 in Evocations
 78902 | Zig:8    | Paralysed by accursed screaming for 1 turns
 78903 | Zig:8    | Identified the amulet "Xoikud" {Spirit Int+3}
 78919 | Zig:8    | Reached skill level 21 in Summonings
 78992 | Zig:8    | Reached XP level 24. HP: 168/174 MP: 42/42
 79006 | Zig:9    | Entered Level 9 of a ziggurat
 79100 | Zig:9    | Learned a level 5 spell: Aura of Abjuration
 79103 | Zig:9    | p0werm0de: ziggurat
 79111 | Zig:9    | Learned a level 7 spell: Haunt
 79112 | Zig:9    | p0werm0de: deathtrapp
 79113 | Zig:9    | namelastname112: i'm leaving
 79113 | Zig:9    | namelastname112: no dragoncall :(
 79113 | Zig:9    | Glitchraptor: ech
 79191 | Depths:4 | p0werm0de: !beer namelastname112
 79191 | Depths:4 | beem: *beem* slides a mug of India pale ale down the bar to namelastname112, courtesy of p0werm0de.
 79540 | Slime:1  | Entered Level 1 of the Pits of Slime
 79787 | Slime:4  | Reached skill level 5 in Necromancy
 79890 | Slime:4  | Glitchraptor: what does the yellow bottlelike icon near the harpies mean?
 79898 | Slime:5  | Entered Level 5 of the Pits of Slime
 79899 | Slime:5  | namelastname112: corrosion
 79907 | Slime:5  | Glitchraptor: thx
 80144 | Slime:5  | Identified the +0 pair of boots of the Bulwark {rC+}
 80146 | Slime:5  | Noticed the Royal Jelly
 80150 | Slime:5  | Identified the +3 hand crossbow "Woreusk" {speed, rF- MR+ Int+2 Stlth+}
 80151 | Slime:5  | Identified the +9 lajatang of the Spectre {flame, MR+}
 80161 | Slime:5  | Found a viscous altar of Jiyva.
 80253 | Slime:5  | Killed the Royal Jelly
 80413 | Slime:5  | Found the +10 dark maul {crush}
 80504 | Slime:5  | Got a slimy rune of Zot
 80715 | Lair:1   | Identified the cursed +0 hand axe of the Ninety-Nine Hells {drain, *Slow rElec rN++ MR-} (You took it off a deep elf mage on level 3 of the Elven Halls)
 80715 | Lair:1   | Identified the +7 whip "Giantslayer" {drain, rPois rF- MR+++ Dex+2} (You took it off a deep elf annihilator on level 3 of the Elven Halls)
 80715 | Lair:1   | Identified the cursed +1 battleaxe of Immorality {flame, +Blink +Fly} (You found it on level 3 of the Lair of Beasts)
 80715 | Lair:1   | Identified the cursed +1 hunting sling "Rolif" {speed, *Drain MP-9 Str+7} (You took it off a red devil on level 6 of the Lair of Beasts)
 80715 | Lair:1   | Identified the cursed +0 scimitar of Overwhelming Force {freeze, +Rage Int+3 Dex+4 SInv} (You found it on level 3 of the Depths)
 80960 | Depths:4 | Learned a level 8 spell: Necromutation
 81185 | Crypt:1  | Entered Level 1 of the Crypt
 81233 | Crypt:1  | Reached skill level 1 in Transmutations
 81488 | D:10     | You paid a toll of a +8 demon trident to enter a treasure trove
 81489 | Trove    | Entered a treasure trove
 81492 | Trove    | Found the -2 hat of the Alchemist {rElec rPois rF+ rC+ rN+ MR+ rMut rCorr}
 81492 | Trove    | Identified the cursed +0 pair of gloves of Crawling {Int+4 Slay+3}
 81492 | Trove    | Identified the scarf "Cabes" {Str+5 Stlth+}
 81492 | Trove    | Found the cursed +2 shield of Resistance {rF+ rC+ MR+}
 81494 | Trove    | Found the +3 warlock's mirror {reflect}
 81494 | Trove    | Identified the cursed +1 pair of gloves "Aliodghixuff" {Int-3 Dex+6}
 81500 | Trove    | namelastname112: yeah boi
 83905 | Crypt:2  | Noticed Boris
 83952 | Crypt:2  | Killed Boris
 84307 | Crypt:3  | Entered Level 3 of the Crypt
 84644 | Crypt:3  | Noticed Boris
 84644 | Crypt:3  | namelastname112: fucking boris
 84656 | Crypt:3  | Identified the +5 dagger "Keumall" {freeze, rElec rPois MP+9}
 84899 | Crypt:3  | Killed Boris
 84938 | Crypt:3  | Noticed Xtahua
 84958 | Crypt:3  | Killed Xtahua
 85311 | Crypt:3  | Glitchraptor: is it possible to get infinite xp from boris?
 85313 | Crypt:3  | namelastname112: no
 85313 | Crypt:3  | namelastname112: he like
 85313 | Crypt:3  | namelastname112: can spawn in only few places
 85313 | Crypt:3  | namelastname112: tomb, crypt, vaults, depths
 85313 | Crypt:3  | namelastname112: once you visited it
 85313 | Crypt:3  | namelastname112: he can't spawn
 85385 | Crypt:3  | Reached skill level 10 in Shields
 85435 | Crypt:3  | Noticed Mennas
 85511 | Crypt:3  | Killed Mennas
 85647 | Crypt:3  | Found a staircase to the Tomb.
 85719 | Crypt:3  | Reached skill level 5 in Transmutations
 85889 | Crypt:3  | Found an ancient bone altar of Kikubaaqudgha.
 86011 | Crypt:3  | Noticed an ancient lich
 86018 | Crypt:3  | Killed an ancient lich
 86773 | Crypt:3  | Identified the +7 war axe of Fortitude {flame, rF+}
 86829 | Crypt:2  | namelastname112: dang
 86829 | Crypt:2  | namelastname112: no dragon book
 87162 | Vaults:5 | Entered Level 5 of the Vaults
 87172 | Vaults:5 | Glitchraptor: >doing crypt before v5
 87173 | Vaults:5 | namelastname112: is that bad
 87200 | Vaults:5 | Reached skill level 10 in Necromancy
 87278 | Vaults:5 | Reached XP level 25. HP: 179/225 MP: 24/43
 87662 | Vaults:5 | Identified the cursed +1 shortbow of Termination {velocity, rPois MR+ Int+3}
 87780 | Vaults:5 | Identified the +11 glaive of Kuger {chop, *Slow Int+3 SInv Stlth+} (You took it off a yaktaur captain on level 5 of the Vaults)
 87909 | Vaults:5 | Identified the +0 pair of boots "Xeser" {rC+ Dex-4 Slay+2 Stlth+}
 88099 | Vaults:5 | Identified the +6 falchion "Banisher" {antimagic, MR+}
 88105 | Vaults:5 | Identified Yllum's Further Progress in Witchery
 88115 | Vaults:5 | Got a silver rune of Zot
 88165 | Vaults:5 | Identified the +10 whip "Hituel" {elec, rElec rF++ Dex+3 SInv} (You took it off a vault sentinel on level 5 of the Vaults)
 88208 | Vaults:5 | Noticed Bai Suzhen
 88222 | Vaults:5 | Killed Bai Suzhen
 88298 | Vaults:5 | Noticed an ancient lich
 88305 | Vaults:5 | Killed an ancient lich
 88362 | Vaults:5 | Identified the +3 pair of gloves of Nupaydwy {-Tele Str+4 Int+3}
 89329 | Zot:1    | Entered Level 1 of the Realm of Zot
 89704 | Zot:1    | Found a glowing golden altar of the Shining One.
 90073 | Zot:1    | Identified the Papyrus of the Zealot
 90088 | Zot:1    | Identified Yreiklur's Volume of Fire and Brimstone
 90106 | Zot:1    | namelastname112: oh shit
 90106 | Zot:1    | namelastname112: hello there
 90118 | Zot:1    | Learned a level 9 spell: Dragon's Call
 91477 | Zot:2    | Reached skill level 10 in Transmutations
 92040 | Zot:3    | Identified the +6 dagger of the Illusory Wishes {freeze, +Inv rPois Str+4}
 92845 | Zot:4    | Reached XP level 26. HP: 195/233 MP: 20/44
 93661 | Zot:5    | Entered Level 5 of the Realm of Zot
 94110 | Zot:5    | Noticed an orb of fire
 94126 | Zot:5    | Killed an orb of fire
 94371 | Zot:5    | Noticed an ancient lich
 94375 | Zot:5    | Killed an ancient lich
 94389 | Zot:5    | Noticed an ancient lich
 94395 | Zot:5    | Killed an ancient lich
 95243 | Pan      | Entered Pandemonium
 95256 | Pan      | Identified the +1 pair of boots "Runale" {Int+2}
 95352 | Pan      | Noticed Newuetuu the pandemonium lord
 96013 | Pan      | Found an exit through the horrors of the Abyss.
 96076 | Pan      | Entered the realm of Lom Lobon.
 96340 | Pan      | Noticed Lom Lobon
 96341 | Pan      | epen: Привет
 96341 | Pan      | epen: Хелооооу
 96341 | Pan      | epen: ай мис ю
 96341 | Pan      | namelastname112: сап
 96341 | Pan      | namelastname112: ну че
 96374 | Pan      | epen: Ммм
 96378 | Pan      | epen: норм ебет
 96390 | Pan      | HP: 8/233 [wizard/orb of energy (16)]
 96391 | Pan      | epen: Че по теле?
 96392 | Pan      | namelastname112: самое хуевое
 96392 | Pan      | namelastname112: что я похилиться не могу
 96526 | Pan      | epen: Я чет пропустил
 96533 | Pan      | epen: он умер?
 96533 | Pan      | namelastname112: вряд ли
 96720 | Pan      | epen: Бери руну
 96721 | Pan      | epen: и вали
 96730 | Pan      | Got a magical rune of Zot
 96747 | Pan      | namelastname112: не
 96747 | Pan      | epen: А то на лома он решил гнать
 96747 | Pan      | namelastname112: он бегать за мной будет
 96747 | Pan      | namelastname112: по пану
 96747 | Pan      | namelastname112: а у меня теле нет
 96748 | Pan      | epen: Бля
 96755 | Pan      | epen: это не ласт руна?
 96775 | Pan      | Killed Lom Lobon
 96777 | Pan      | namelastname112: нет
 96777 | Pan      | namelastname112: первая
 96796 | Pan      | epen: Я бы к лому в прследнюю очередь бы ходил
 96805 | Pan      | namelastname112: блять
 96805 | Pan      | namelastname112: ну я не выбирад
 96805 | Pan      | namelastname112: извините
 96894 | Pan      | Found an exit through the horrors of the Abyss.
 97034 | Pan      | Reached skill level 15 in Necromancy
 97186 | Pan      | Noticed Firelefa the pandemonium lord
 97204 | Pan      | Found a runed door.
 97685 | Pan      | Noticed Xomythrogh the pandemonium lord
 97696 | Pan      | Killed Xomythrogh the pandemonium lord
 97858 | Pan      | Entered the realm of Gloorx Vloq.
 98213 | Pan      | Reached XP level 27. HP: 198/240 MP: 22/44
 98817 | Pan      | Noticed Gloorx Vloq
 98838 | Pan      | Killed Gloorx Vloq
 98869 | Pan      | Got a dark rune of Zot
 99142 | Pan      | Found an exit through the horrors of the Abyss.
 99249 | Pan      | Noticed Reckasal the pandemonium lord
 99330 | Pan      | Identified the ring "Mekhlu Fommea" {Fire rElec}
 99485 | Pan      | Noticed Huiz the pandemonium lord
 99493 | Pan      | Killed Huiz the pandemonium lord
 99726 | Pan      | Noticed Ytru the pandemonium lord
 99803 | Pan      | Killed Ytru the pandemonium lord
 99977 | Pan      | Got a demonic rune of Zot
 99982 | Pan      | Noticed Geet the pandemonium lord
100464 | Pan      | Noticed Kash the pandemonium lord
100489 | Pan      | Killed Kash the pandemonium lord
100551 | Pan      | Found an exit through the horrors of the Abyss.
100586 | Pan      | Noticed Xaan Qen the pandemonium lord
100602 | Pan      | Killed Xaan Qen the pandemonium lord
100728 | Pan      | Noticed Xaor the pandemonium lord
100768 | Pan      | Killed Xaor the pandemonium lord
100849 | Pan      | Noticed Tulom the pandemonium lord
101043 | Pan      | Found an exit through the horrors of the Abyss.
101106 | Pan      | Entered the realm of Mnoleg.
101485 | Pan      | Noticed Mnoleg
101485 | Pan      | Paralysed by a floating eye for 3 turns
101516 | Pan      | Killed Mnoleg
101516 | Pan      | Reached skill level 15 in Transmutations
101598 | Pan      | Got a glowing rune of Zot
101783 | Pan      | Noticed Unogugesmo the pandemonium lord
101819 | Pan      | Killed Unogugesmo the pandemonium lord
101854 | Pan      | epen: Ну че
101870 | Pan      | epen: как лом?
101876 | Pan      | namelastname112: церебов осталсся
101939 | Pan      | epen: Что мнолег подарил?
102116 | Pan      | namelastname112: ничего
102116 | Pan      | namelastname112: я же лич
102117 | Pan      | epen: Эх
102196 | Pan      | Noticed Zippog the pandemonium lord
102217 | Pan      | epen: Имя
102247 | Pan      | epen: ты просыпаешься и видишь
102253 | Pan      | epen: как лом начинает кастрвать торнадо
102256 | Pan      | epen: прямо перед твоей кроватью
102256 | Pan      | Identified the cursed +1 pair of boots of the Grue {rElec MR+} (You acquired it in Pandemonium)
102259 | Pan      | namelastname112: кастую блинк
102259 | Pan      | namelastname112: пью флайт
102343 | Pan      | Found an exit through the horrors of the Abyss.
102349 | Pan      | epen: А он тебе глацом всю комнату засрал
102356 | Pan      | namelastname112: ну я за окно блинканусь
102356 | Pan      | namelastname112: и съебу в магаз
102360 | Pan      | epen: Лол
102375 | Pan      | epen: через стекло нельзя блинк прожимать
102443 | Pan      | Found an exit through the horrors of the Abyss.
102700 | Pan      | Noticed Secry the pandemonium lord
102866 | Pan      | HP: 12/242 [infernal warmonger/demon trident of freezing (3)]
102880 | Pan      | HP: 11/242 [balrug/divine providence (14)]
102883 | Pan      | HP: 3/242 [balrug/demon whip of flaming (18)]
102883 | Pan      | Slain by a balrug

Vault maps used:
D:1:      ldierk_water_garden, minmay_unequal
D:2:      minmay_splitting_lines, uniq_robin
D:3:      nicolae_gozag_seed_capital
D:4:      first_bread, okawaru_metal_pillars_3, uniq_natasha, uniq_menkaure
D:5:      kennysheep_little_box, temple_hall, gup_sewer_entry_spiral,
          basic_altar
D:7:      uniq_crazy_yiuf_cottage
D:8:      hangedman_ranch, kennysheep_potato
D:9:      minmay_lair_entry_lava, uniq_erolcha, uniq_grum
D:10:     enter_trove_2, uniq_harold
D:11:     kennysheep_orc_monster_closet_entryway, kennysheep_small_spiral
D:12:     serial_shops, shop, uniq_rupert
D:13:     basic_altar, elyvilon_altar_5
D:14:     erik_vaults_2, fedhas_altar_2
D:15:     hangedman_depths_entry_civil_slaughter,
          grunt_dithmenos_smoke_and_mirrors, serial_shops, shop,
          nicolae_shop_window_shopping
Temple:   nicolae_temple_the_god_donut
Lair:1:   beast_lair_carwin_large_2
Lair:2:   beast_lair_carwin_large_3, dummy_snake_entry
Lair:3:   regret_index_combs_of_tragedy, uniq_snorg
Lair:4:   gammafunk_lair_enchanted_lake, minmay_shoals_entry_lonely_mermaid
Lair:5:   slime_altar_2, lab_entry_generic
Lair:6:   evil_forest
Shoals:1: yaktaur_hedge, uniq_kirke, uniq_josephine
Shoals:3: serial_shops, shop, portal_ice_cave_entry_pillars_three,
          abandoned_shop, nicolae_shoals_mertower, uniq_roxanne
Shoals:4: shoals_end_simple, shoal_ilsuiw
Snake:2:  serial_shops, bzr_entry_customers, uniq_frances, uniq_saint_roka
Snake:3:  serial_bayou_lagoon_a
Snake:4:  grunt_snake_rune_pools, serial_shops, shop
Orc:1:    nicolae_orc_pool_cavern
Orc:2:    grunt_orc_gardens, grunt_orc_garden, grunt_orc_garden,
          grunt_orc_garden, grunt_orc_garden, david_defended_altar_orc
Elf:1:    eino_elf_arrival_altar, minmay_elf_sorcery, grunt_megastairs_2
Elf:2:    serial_shops, shop_statue, grunt_ministairs_13, lemuel_elevator,
          basic_stair_grate_trap
Elf:3:    elf_hall, evilmike_minifort, uniq_nikola
Vaults:1: ontoclasm_vaults_spin, st_greater_box_2, ontoclasm_vaults_gateway,
          vaults_room_fancy_cross, nicolae_vaults_specimen_jars,
          dpeg_vaults_monster_box
Vaults:2: vaults_room_semicircle, minmay_crypt_entry_simple_round,
          v_alt_pattern_1, nicolae_vaults_little_ls,
          nicolae_vaults_network_star, vaults_mumra_lcd,
          ontoclasm_vaults_claustrophobia, nicolae_vaults_mini_display_case,
          hangedman_vaults_trim, ontoclasm_vaults_shuriken, serial_shops, shop,
          shop
Vaults:3: hangedman_vaults_unwind, nicolae_vaults_little_squares_6,
          vaults_room_pool, ontoclasm_vaults_idyll, v_alt_pattern_2, v_misc_14,
          v_pattern_5, st_more_cells, vaults_mumra_hex, v_alt_pattern_5,
          vaults_mumra_minichess, nicolae_vaults_little_squares_4,
          nicolae_vaults_little_squares_6, uniq_boris
Vaults:4: nicolae_vaults_theta, v_misc_16, nicolae_vaults_octagons, v_misc_18,
          nicolae_vaults_little_squares_4, grunt_vaults_funnel, v_misc_27,
          grunt_vaults_twisty, v_misc_22, hangedman_vaults_hat,
          nicolae_vaults_three_branches, vaults_room_pool, vaults_dpeg_ring,
          uniq_jorgrun, uniq_mara, uniq_jory
Vaults:5: uniq_bai_suzhen
Crypt:2:  serial_glass, glass_columns_a, glass_columns_b, uniq_boris
Crypt:3:  quadcrypt_mu, uniq_xtahua, uniq_boris, uniq_mennas
Depths:1: corexii_leaking_fountain, hangedman_coc_ice_floe, serial_bayou_lake_a
Depths:2: minmay_the_grid_triangle_9x9_rhombus_thin_mashed, nrook_pool_corridor,
          nicolae_abyss_entry_one_way_or_another, pf_vacation_house_of_asmodeus,
          hangedman_corner_corridor
Depths:3: kennysheep_windowed_halls, dk_noncrumbling_4, serial_shops,
          nicolae_shop_behind_doors, rand_demon_pan_entry_3, hell_entry,
          serial_bayou_shore_b
Depths:4: hangedman_spin_cycle, hell_entry, abyss_entry, pan_entry, uniq_margery
Depths:5: evilmike_zot_entry_castle, grunt_hell_entry_dis_mu, bh_walls_and_bars,
          abyss_entry, serial_sigils, serial_sigils_hangedman_quiver,
          serial_sigils_hangedman_leer, grunt_ministairs_5,
          minmay_misc_feat_hallway, uniq_enchantress, uniq_sojobo
Zot:1:    nicolae_zot_draconian_monastery
Zot:3:    st_stairs_8, grunt_megastairs_1
Abyss:2:  evilmike_abyss_exit_10
Abyss:3:  patterned_corridor, evilmike_nicolae_abyss_rune_containment_curve,
          hangedman_decor_lopped, lemuel_flamethrower_3,
          evilmike_abyss_exit_smiterflies, minivault_5,
          doesnt_abyss_rune_brain_food, hangedman_abyss_overflow_altar,
          evilmike_abyss_rune_siren_acolytes
Abyss:4:  hangedman_abyss_rune_macabre_mess, minivault_23
Pan:      evilmike_mini_pan_other_thingy, nicolae_pan_cerebovesque_1,
          evilmike_mini_pan_V, pan_blood_fountain, evilmike_mini_pan_V,
          nicolae_pan_diamonds, pan_blood_fountain_small, pan_blood_fountain_2,
          nicolae_pan_sigil_obb, rand_demon_7, evilmike_mini_pan_doors,
          evilmike_mini_pan_3x3, evilmike_mini_pan_doors, lom_lobon_st,
          nicolae_pan_glass_arcs, pan_blood_fountain_small,
          regret_index_pan_draining_boxed, pan_blood_fountain,
          pan_blood_fountain_small, pan_blood_fountain_2,
          evilmike_mini_pan_other_thingy, pan_blood_fountain, gloorx_vloq,
          pan_blood_fountain_small, nicolae_pan_hourglass,
          reaverb_pan_chaos_star, evilmike_mini_pan_diamond,
          pan_blood_fountain_small, pan_disco_hall, evilmike_mini_pan_corridor,
          pan_blood_fountain, pan_blood_fountain_small,
          evilmike_mini_pan_pillars_b, evilmike_mini_pan_doors_b,
          pan_blood_fountain_small, evilmike_mini_pan_corner,
          pan_blood_fountain, pan_blood_fountain_small, grunt_pan_zigzag,
          pan_blood_fountain, evilmike_mini_pan_corridor,
          evilmike_mini_pan_diamond, nicolae_pan_diamonds,
          pan_blood_fountain_small, grunt_pan_in_and_out,
          pan_blood_fountain_small, nicolae_pan_gloorx_vloqian_3,
          grunt_pan_in_and_out, evilmike_mini_pan_3x3, evilmike_mini_pan_T,
          pan_blood_fountain, evilmike_mnoleg_eyes, rand_demon_9, rand_demon_6,
          evilmike_mini_pan_other_thingy, nicolae_pan_glass_arcs,
          pan_blood_fountain_small, nicolae_pan_cerebovesque_3, rand_demon_4,
          nicolae_pan_diamonds
Zig:6:    ziggurat_pillar_centre_dead_trees
Lab:      labyrinth_spiral, labyrinth_glass_1, nicolae_lab_grate,
          nicolae_lab_dead_end
Bazaar:   bazaar_kb_twisted_cavern
Trove:    trove_armour_1
Sewer:    sewer_co_15_rooms
IceCv:    ice_cave_statue_garden_chambered

Skill      XL: |  1  2  3  4  5  6  7  8  9 10 11 12 13 14 15 16 17 18 19 20 21 22 23 24 25 26 27 |
---------------+----------------------------------------------------------------------------------+-----
Dodging        | 2 3 4 5 6 7 8 9 10 11 12 13 14 15 16 | 16.5
Fighting       | 1 2 3 4 5 7 8 9 10 11 12 13 14 15 16 17 18 | 18.9
Summonings     | 5 6 8 9 11 12 14 15 16 17 18 19 20 21 | 21.2
Spellcasting   | 3 4 5 6 7 8 9 10 11 12 13 14 15 16 17 18 | 18.5
Shields        | 5 9 10 12 13 14 | 14.8
Stealth        | 4 8 11 12 | 12.9
Evocations     | 2 6 8 9 10 11 | 11.0
Air Magic      | 5 |  5.1
Charms         | 4 |  4.0
Necromancy     | 1 2 4 10 12 15 16 | 16.8
Transmutations | 6 10 13 15 | 15.0

Action                   |  1- 3 |  4- 6 |  7- 9 | 10-12 | 13-15 | 16-18 | 19-21 | 22-24 | 25-27 || total
-------------------------+-------+-------+-------+-------+-------+-------+-------+-------+-------++-------
Melee: Unarmed           |    11 |       |       |       |     1 |       |       |       |       ||    12
       Dagger            |    97 |   259 |   501 |   308 |       |       |       |       |       ||  1165
       Tailslap          |    10 |    23 |    62 |    71 |   121 |   142 |   110 |    20 |     7 ||   566
       Trident           |       |       |       |   410 |  1371 |  1171 |   227 |       |       ||  3179
       Staff             |       |       |       |       |       |       |   347 |    86 |    49 ||   482
Throw: Throwing net      |       |       |       |       |     1 |       |       |       |       ||     1
 Cast: Summon Small Mamm |     3 |       |       |       |       |       |       |       |       ||     3
       Call Imp          |     2 |     2 |       |       |     3 |       |       |       |       ||     7
       Call Canine Famil |       |     6 |     2 |    28 |    17 |     3 |       |       |       ||    56
       Summon Lightning  |       |       |     5 |    69 |    27 |     6 |       |       |       ||   107
       Summon Ice Beast  |       |       |       |    73 |    48 |       |       |       |       ||   121
       Summon Hydra      |       |       |       |       |   157 |   366 |     1 |       |       ||   524
       Summon Mana Viper |       |       |       |       |    99 |    24 |       |       |       ||   123
       Blink             |       |       |       |       |     1 |     1 |     4 |     1 |    22 ||    29
       Monstrous Menager |       |       |       |       |       |    97 |   436 |    42 |       ||   575
       Summon Horrible T |       |       |       |       |       |    10 |    83 |    52 |    60 ||   205
       Malign Gateway    |       |       |       |       |       |    10 |    27 |    13 |    16 ||    66
       Deflect Missiles  |       |       |       |       |       |       |     2 |     1 |     4 ||     7
       Haunt             |       |       |       |       |       |       |       |   145 |   614 ||   759
       Aura of Abjuratio |       |       |       |       |       |       |       |     6 |    26 ||    32
       Regeneration      |       |       |       |       |       |       |       |     1 |    22 ||    23
       Dragon's Call     |       |       |       |       |       |       |       |       |    59 ||    59
       Necromutation     |       |       |       |       |       |       |       |       |    88 ||    88
Invok: Curse Item        |       |       |       |       |     3 |       |     4 |     2 |     1 ||    10
       Scrying           |       |       |       |       |     2 |     2 |     2 |     3 |     6 ||    15
 Abil: Breathe Steam     |       |       |    21 |    34 |    28 |    15 |       |       |       ||    98
       Fly               |       |       |       |       |     1 |       |     3 |     1 |       ||     5
       Stop Flying       |       |       |       |       |       |       |     4 |       |       ||     4
       End Transformatio |       |       |       |       |       |       |       |       |     5 ||     5
Evoke: Wand              |       |       |       |     1 |     2 |     3 |       |     1 |     3 ||    10
       Staff of energy   |       |       |       |       |       |       |    14 |    32 |  1761 ||  1807
       Crystal ball of e |       |       |       |       |       |       |       |     4 |    79 ||    83
  Use: Scroll            |       |       |    14 |    16 |    10 |    32 |     4 |    11 |    11 ||    98
       Potion            |       |       |       |     2 |     1 |    23 |     3 |     6 |    19 ||    54
 Stab: Sleeping          |       |     6 |     2 |     4 |     7 |     8 |     5 |       |       ||    32
       Distracted        |       |       |     2 |     5 |    15 |    32 |    30 |    12 |     3 ||    99
       Confused          |       |       |       |       |       |     2 |     1 |       |       ||     3
       Paralysed         |       |       |       |       |       |     1 |     9 |       |       ||    10
  Eat: Chunk             |     3 |    11 |    20 |    42 |    98 |   149 |    57 |       |    12 ||   392
       Fruit             |       |       |       |    12 |    11 |    12 |     3 |     3 |    18 ||    59
       Meat ration       |       |       |       |     1 |     9 |     8 |     2 |     4 |     1 ||    25
       Royal jelly       |       |       |       |       |     3 |    16 |     6 |     1 |     1 ||    27
       Bread ration      |       |       |       |       |       |     5 |     2 |       |     1 ||     8
Armor: Skin              |    43 |    65 |   137 |   256 |   418 |   316 |    97 |    44 |   262 ||  1638
Dodge: Dodged            |    91 |   153 |   421 |   840 |  2088 |  1974 |  1031 |   255 |  1374 ||  8227
       Deflected         |       |       |       |       |       |       |    13 |    23 |    45 ||    81
Block: Buckler           |       |       |       |       |       |   168 |   441 |    34 |       ||   643
       Shield            |       |       |       |       |       |       |       |   148 |  1001 ||  1149

Table legend:
 A = Spawn XP
 B = Non-spawn XP
 C = Spawn XP percentage of total XP
 D = Spawn monster count
 E = Non-spawn monster count
 F = Spawn count percentage of total count
 G = Total turns spent on level
                    A         B        C        D         E        F      G
               +---------+---------+-------+---------+---------+-------+---------
         Total |  173880 | 1240910 |  12.3 |     549 |    3032 |  15.3 | 102883
               +---------+---------+-------+---------+---------+-------+---------
           D:1 |       2 |      37 |   5.1 |       1 |      21 |   4.5 |   856
           D:2 |       5 |     130 |   3.7 |       3 |      32 |   8.6 |  1913
           D:3 |      17 |     145 |  10.5 |       3 |      26 |  10.3 |  1009
           D:4 |       7 |     139 |   4.8 |       3 |       6 |  33.3 |   780
           D:5 |     293 |     620 |  32.1 |       9 |      22 |  29.0 |  1571
           D:6 |       0 |     676 |   0.0 |       0 |      25 |   0.0 |   710
           D:7 |      82 |    1238 |   6.2 |       2 |      25 |   7.4 |  1480
           D:8 |     815 |    4318 |  15.9 |       2 |      50 |   3.8 |  1617
           D:9 |     488 |    2621 |  15.7 |      12 |      30 |  28.6 |  1579
          D:10 |     643 |    2228 |  22.4 |       5 |      20 |  20.0 |  1856
          D:11 |     442 |    3039 |  12.7 |       3 |      56 |   5.1 |  1305
          D:12 |       0 |    1128 |   0.0 |       0 |      23 |   0.0 |   548
          D:13 |    2060 |    5955 |  25.7 |      25 |      33 |  43.1 |  2089
          D:14 |    1153 |    9368 |  11.0 |       4 |      37 |   9.8 |  2112
          D:15 |    3568 |    6746 |  34.6 |      10 |      23 |  30.3 |  1891
        Lair:1 |       0 |    5096 |   0.0 |       0 |      25 |   0.0 |  1208
        Lair:2 |    1416 |    3184 |  30.8 |       6 |      21 |  22.2 |   919
        Lair:3 |    1134 |    5200 |  17.9 |       8 |      55 |  12.7 |  1689
        Lair:4 |     425 |    6929 |   5.8 |       3 |      32 |   8.6 |  2262
        Lair:5 |       0 |    4413 |   0.0 |       0 |      25 |   0.0 |  1223
        Lair:6 |    1266 |   10153 |  11.1 |       9 |      42 |  17.6 |  1782
      Shoals:1 |    4080 |   12072 |  25.3 |      13 |      41 |  24.1 |  1534
      Shoals:2 |    4019 |   13751 |  22.6 |      14 |      45 |  23.7 |  2311
      Shoals:3 |    3966 |   10516 |  27.4 |      16 |      28 |  36.4 |  2213
      Shoals:4 |    6365 |   30052 |  17.5 |      19 |      92 |  17.1 |  2883
       Snake:1 |    2128 |    5442 |  28.1 |       7 |      17 |  29.2 |   863
       Snake:2 |    3401 |   15787 |  17.7 |       9 |      55 |  14.1 |  1569
       Snake:3 |    1537 |    7159 |  17.7 |       7 |      26 |  21.2 |  1089
       Snake:4 |    2676 |   34087 |   7.3 |       8 |     107 |   7.0 |  1507
       Slime:1 |       0 |    2916 |   0.0 |       0 |      15 |   0.0 |    43
       Slime:2 |     281 |     925 |  23.3 |       1 |       1 |  50.0 |   102
       Slime:3 |       0 |    2127 |   0.0 |       0 |       5 |   0.0 |   120
       Slime:4 |     523 |    8405 |   5.9 |       1 |      29 |   3.3 |   125
       Slime:5 |    1755 |   18026 |   8.9 |       6 |      25 |  19.4 |   659
         Orc:1 |     347 |    3577 |   8.8 |       3 |      28 |   9.7 |  1201
         Orc:2 |     736 |    5244 |  12.3 |      12 |      32 |  27.3 |  1324
         Elf:1 |    5364 |   20295 |  20.9 |      13 |      52 |  20.0 |  2578
         Elf:2 |     117 |    9784 |   1.2 |       1 |      24 |   4.0 |  1494
         Elf:3 |    6854 |   42482 |  13.9 |      19 |      78 |  19.6 |  3901
      Vaults:1 |    5163 |   35400 |  12.7 |      15 |      91 |  14.2 |  3542
      Vaults:2 |    4973 |   18474 |  21.2 |      15 |      57 |  20.8 |  2453
      Vaults:3 |    4828 |   34966 |  12.1 |       9 |      84 |   9.7 |  2415
      Vaults:4 |    3967 |   36476 |   9.8 |      10 |      81 |  11.0 |  2150
      Vaults:5 |    5015 |   89097 |   5.3 |      13 |     109 |  10.7 |  1908
       Crypt:1 |    2092 |   12219 |  14.6 |       4 |      41 |   8.9 |  1599
       Crypt:2 |     579 |   13947 |   4.0 |       1 |      40 |   2.4 |   913
       Crypt:3 |    4707 |   39511 |  10.6 |      11 |      84 |  11.6 |  2521
      Depths:1 |    1839 |   14388 |  11.3 |       5 |      37 |  11.9 |  2512
      Depths:2 |    2580 |   31801 |   7.5 |       6 |      64 |   8.6 |  1906
      Depths:3 |     775 |   21171 |   3.5 |       2 |      48 |   4.0 |  1153
      Depths:4 |    6532 |   48555 |  11.9 |       9 |      74 |  10.8 |  2402
      Depths:5 |   15655 |   49342 |  24.1 |      31 |      78 |  28.4 |  2820
         Zot:1 |    3224 |   30867 |   9.5 |       3 |      39 |   7.1 |  1394
         Zot:2 |    4159 |   27778 |  13.0 |       3 |      34 |   8.1 |  1139
         Zot:3 |    1324 |   38820 |   3.3 |       2 |      49 |   3.9 |  1032
         Zot:4 |    6505 |   24081 |  21.3 |       8 |      25 |  24.2 |   869
         Zot:5 |    1377 |   60233 |   2.2 |       2 |      38 |   5.0 |   941
       Abyss:2 |    4204 |    4798 |  46.7 |      26 |      19 |  57.8 |  1444
       Abyss:3 |    5030 |      54 |  98.9 |      22 |       2 |  91.7 |   439
       Abyss:4 |     407 |       0 | 100.0 |       3 |       0 | 100.0 |   181
           Pan |   30980 |  257970 |  10.7 |      92 |     506 |  15.4 |  7640
         Zig:1 |       0 |     202 |   0.0 |       0 |       2 |   0.0 |    23
         Zig:2 |       0 |    1590 |   0.0 |       0 |       2 |   0.0 |    47
         Zig:3 |       0 |    1396 |   0.0 |       0 |       4 |   0.0 |    83
         Zig:4 |       0 |    3043 |   0.0 |       0 |       4 |   0.0 |    52
         Zig:5 |       0 |    3767 |   0.0 |       0 |       6 |   0.0 |   238
         Zig:6 |       0 |    4272 |   0.0 |       0 |      10 |   0.0 |    81
         Zig:7 |       0 |    5707 |   0.0 |       0 |       8 |   0.0 |   100
         Zig:8 |       0 |    4482 |   0.0 |       0 |      19 |   0.0 |   125
         Zig:9 |       0 |    7672 |   0.0 |       0 |      12 |   0.0 |   176
           Lab |       0 |     562 |   0.0 |       0 |       1 |   0.0 |   222
         Sewer |       0 |     112 |   0.0 |       0 |      22 |   0.0 |   767
         IceCv |       0 |    2147 |   0.0 |       0 |      13 |   0.0 |  1315
               +---------+---------+-------+---------+---------+-------+---------
